 Dungeon Crawl Stone Soup version 0.31.0-7-gf635a9b802 (webtiles) character file.

Game seed: 12926626840662384026

12514219 indexOfRegret the Englaciator (level 27, 273/273 HPs)
             Began as a Ghoul Ice Elementalist on Jan 20, 2024.
             Was the Champion of Nemelex Xobeh.
             Escaped with the Orb
             ... and 15 runes on Jan 24, 2024!
             The game lasted 17:30:12 (133745 turns).

indexOfRegret the Englaciator (GhIE)              Turns: 133745, Time: 17:30:12

Health: 273/273    AC: 54    Str: 21    XL:     27
Magic:  54/54      EV: 18    Int: 32    God:    Nemelex Xobeh [******]
Gold:   7021       SH: 20    Dex: 20    Spells: 0/80 levels left

rFire   + + +        a - staff of Doomed Guile {rElec Dex+7 Stlth- Fire Ice Air}
rCold   + + +        m - +4 kite shield of Decompression {rF+ rC++ Slay+5 Stlth-}
rNeg    + + +        Y - +12 gold dragon scales
rPois   ∞            E - +1 helmet "Merch" {Will+ Regen+ Int+4}
rElec   +            K - +2 cloak {Will+}
rCorr   +            R - +2 pair of gloves {rC+}
SInv    .            h - +2 pair of boots "Veaset" {rPois Int+2 Dex-2}
Will    ++++.        Z - amulet of Xom's Bemusement {RegenMP rElec Regen+ Int+2 Slay+2} Stlth
                     V - ring "Feasiust" {Fire +Blink rN+ Str+5 Dex+3}
HPRegen 2.25/turn    X - ring "Jecanuva" {Wiz rF+ rN+ rCorr Dex+3}
MPRegen 0.74/turn

%: wizardry (x1)
@: studying 8 skills
A: claws 1, cold resistance 1, negative energy resistance 3, inhibited
regeneration, torment resistance 2, devour on kill
0: Orb of Zot
}: 15/15 runes: decaying, serpentine, slimy, silver, golden, iron, obsidian,
icy, bone, abyssal, demonic, glowing, magical, fiery, dark
a: Renounce Religion, Evoke Blink, Draw Escape, Draw Destruction, Draw
Summoning, Draw Stack, Triple Draw, Deal Four, Stack Five


You escaped.
You worshipped Nemelex Xobeh.
Nemelex Xobeh was exalted by your worship.
You visited 18 branches of the dungeon, and saw 87 of its levels.
You visited Pandemonium 7 times, and saw 18 of its levels.
You visited the Abyss 3 times.
You completed 3 ziggurats, and saw 81 of their levels.
You also visited: Ice Cave.

You collected 27983 gold pieces.
You spent 20962 gold pieces at shops.

Inventory:

Hand Weapons
 b - the +6 Majin-Bo {spellvamp, MP+6 Int+6}
   (You acquired it on level 2 of the Orcish Mines)

   Int+6:     It affects your intelligence (+6).
   MP+6:      It affects your magic capacity (+6).
 c - the +7 sceptre of Torment {pain, torment}
   (You bought it in a shop on level 3 of the Snake Pit)
 d - the +8 storm bow {elec, penet}
   (You found it on level 4 of a ziggurat)
 g - the +8 frozen axe "Frostbite" {freeze, freezing cloud, *Noise Fly rC+}
   (You found it on level 7 of Gehenna)

   rC+:       It protects you from cold.
   Fly:       It grants you flight.
   *Noise:    It may make a loud noise when swung.
 i - the +12 glaive of Prune {freeze, Prune}
   (You found it on level 6 of a ziggurat)

   Prune:     It halves damage taken while paralysed, petrified or unconscious.
 l - the +27 heavy crossbow "Sniper" {heavy, Acc+∞ SInv}
   (You found it on level 23 of a ziggurat)

   Acc+∞: It never misses its target.
   SInv:      It lets you see invisible.
 s - the +8 lance "Wyrmbane" {slay drac, rPois rF+ rC+ AC+3}
   (You found it on level 13 of a ziggurat)

   AC+3:      It affects your AC (+3).
   rF+:       It protects you from fire.
   rC+:       It protects you from cold.
   rPois:     It protects you from poison
 G - the +11 plutonium sword {^Contam Stlth-}
   (You found it on level 26 of a ziggurat)

   ^Contam:   It causes magical contamination when unequipped.
   Stlth-:    It makes you less stealthy.
 I - the +4 consecrated labrys {holy, Valiant ^Fragile Fly SInv}
   (You found it on level 25 of a ziggurat)

   Valiant:   It becomes more powerful as more dangerous foes come into view.
   SInv:      It lets you see invisible.
   Fly:       It grants you flight.
   ^Fragile:  It will be destroyed if unequipped.
Missiles
 u - 33 silver javelins
Armour
 h - the +2 pair of boots "Veaset" (worn) {rPois Int+2 Dex-2}
   (You found it on level 3 of the Elven Halls)

   Int+2:     It affects your intelligence (+2).
   Dex-2:     It affects your dexterity (-2).
   rPois:     It protects you from poison
 m - the +4 kite shield of Decompression (worn) {rF+ rC++ Slay+5 Stlth-}
   (You found it on level 26 of a ziggurat)

   Slay+5:    It affects your accuracy & damage with ranged weapons and melee
   (+5).
   rF+:       It protects you from fire.
   rC++:      It greatly protects you from cold.
   Stlth-:    It makes you less stealthy.
 p - the +3 hat of Pondering {ponderous, Will+ MP+10 Int+5}
   (You found it on level 2 of the Crypt)

   Int+5:     It affects your intelligence (+5).
   Will+:     It increases your willpower.
   MP+10:     It affects your magic capacity (+10).
 y - the +4 Cigotuvi's embrace {Corpsefed rMiasma ^Drain rN+}
   (You found it on level 16 of a ziggurat)

   Corpsefed: It gathers nearby corpses to temporarily increase the armour it
   provides.
   rMiasma:   It protects you from foul pestilence.
   rN+:       It protects you from negative energy.
   ^Drain:    It drains your maximum health when unequipped.
 A - the +3 kite shield of Intercession {*Slow Will+ Str+8 Stlth+}
   (You found it on level 4 of the Realm of Zot)

   Str+8:     It affects your strength (+8).
   Will+:     It increases your willpower.
   *Slow:     It may slow you when you take damage.
   Stlth+:    It makes you more stealthy.
 E - the +1 helmet "Merch" (worn) {Will+ Regen+ Int+4}
   (You found it on level 20 of a ziggurat)

   Int+4:     It affects your intelligence (+4).
   Will+:     It increases your willpower.
   Regen+:    It increases your rate of health regeneration.
 H - the +3 crown of Dyrovepreva {rElec Int+2 SInv}
   (You found it on level 23 of a ziggurat)

   Int+2:     It affects your intelligence (+2).
   rElec:     It insulates you from electricity.
   SInv:      It lets you see invisible.
 J - the +15 Maxwell's patent armour {-Cast -Tele rElec Will+ rCorr}
   (You found it on level 25 of a ziggurat)

   rElec:     It insulates you from electricity.
   Will+:     It increases your willpower.
   -Cast:     It prevents spellcasting.
   -Tele:     It prevents most forms of teleportation.
   rCorr:     It protects you from acid and corrosion.
 K - a +2 cloak of willpower (worn)
 N - the +3 pair of seven-league boots {Rampage+∞}
   (You found it on level 24 of a ziggurat)

   Rampage+∞: When moving toward enemies, its wearer moves as far as possible,
   alerting their target en route.
 R - a +2 pair of gloves of cold resistance (worn)
 Y - +12 gold dragon scales (worn)
Magical Staves
 a - the staff of Doomed Guile (weapon) {rElec Dex+7 Stlth- Fire Ice Air}
   (You found it on level 21 of a ziggurat)

   [staff of air]

   Base accuracy: +5 Base damage: 5 Base attack delay: 1.2 This weapon's minimum
   attack delay (0.6) is reached at skill level 12.
   Dex+7:     It affects your dexterity (+7).
   rElec:     It insulates you from electricity.
   Stlth-:    It makes you less stealthy.
   Fire:      It increases the power of your Fire spells.
   Ice:       It increases the power of your Ice spells.
   Air:       It increases the power of your Air spells.
   It falls into the 'Staves' category.
   It is a one-clawed weapon.
 F - the staff "Pexepn" {rPois rF+ Str-3 Tloc Fire Earth}
   (You found it on level 26 of a ziggurat)

   [staff of fire]

   Base accuracy: +5 Base damage: 5 Base attack delay: 1.2 This weapon's minimum
   attack delay (0.6) is reached at skill level 12.
   Str-3:     It affects your strength (-3).
   rF+:       It protects you from fire.
   rPois:     It protects you from poison Tloc: It increases the power of your
   Translocations spells.
   Fire:      It increases the power of your Fire spells.
   Earth:     It increases the power of your Earth spells.
   It falls into the 'Staves' category.
   It is a one-clawed weapon.
Jewellery
 e - the ring "Hutuedgh" {rElec rPois rF+++ Will++ Int-4}
   (You found it on level 25 of a ziggurat)

   [ring of poison resistance]

   Int-4:     It affects your intelligence (-4).
   rF+++:     It renders you almost immune to fire.
   rElec:     It insulates you from electricity.
   rPois:     It protects you from poison Will++: It greatly increases your
   willpower.
 z - the macabre finger necklace {Finger+ rN+}
   (You found it on level 27 of a ziggurat)

   [amulet of nothing]

   Finger+:   It enables you to equip an extra ring.
   rN+:       It protects you from negative energy.
 D - the necklace of Bloodlust {Fury *Rage Will++ Int-3 Slay+6}
   (You found it on level 18 of a ziggurat)

   [amulet of nothing]

   Fury:      It extends the wearer's berserk rage when killing foes.
   Int-3:     It affects your intelligence (-3).
   Slay+6:    It affects your accuracy & damage with ranged weapons and melee
   (+6).
   Will++:    It greatly increases your willpower.
   *Rage:     It berserks you when you make melee attacks (+50% chance).
 O - the ring of the Jackalope {*Corrode rF+ rC+ MP+9 Int+5}
   (You bought it in a shop on level 3 of the Snake Pit)

   [ring of magical power]

   Int+5:     It affects your intelligence (+5).
   rF+:       It protects you from fire.
   rC+:       It protects you from cold.
   MP+9:      It affects your magic capacity (+9).
   *Corrode:  It may corrode you when you take damage.
 Q - the amulet of Weipp {Faith rF+ rC+ Will+ Int+2}
   (You found it on level 24 of a ziggurat)

   [amulet of faith]

   Faith:     It allows you to gain divine favour quickly.
   Int+2:     It affects your intelligence (+2).
   rF+:       It protects you from fire.
   rC+:       It protects you from cold.
   Will+:     It increases your willpower.
 V - the ring "Feasiust" (left hand) {Fire +Blink rN+ Str+5 Dex+3}
   (You found it on level 14 of a ziggurat)

   [ring of fire]

   Fire:      It enhances your fire magic.
   Str+5:     It affects your strength (+5).
   Dex+3:     It affects your dexterity (+3).
   rF+:       It protects you from fire.
   rC-:       It makes you vulnerable to cold.
   rN+:       It protects you from negative energy.
   +Blink:    It lets you blink.
 X - the ring "Jecanuva" (right hand) {Wiz rF+ rN+ rCorr Dex+3}
   (You bought it in a shop on level 10 of the Dungeon)

   [ring of wizardry]

   Wiz:       It improves your spell success rate.
   Dex+3:     It affects your dexterity (+3).
   rF+:       It protects you from fire.
   rN+:       It protects you from negative energy.
   rCorr:     It protects you from acid and corrosion.
 Z - the amulet of Xom's Bemusement (around neck) {RegenMP rElec Regen+ Int+2 Slay+2}
   (You bought it in a shop on level 10 of the Dungeon)

   [amulet of magic regeneration]

   RegenMP:   It increases your rate of magic regeneration.
   Int+2:     It affects your intelligence (+2).
   Slay+2:    It affects your accuracy & damage with ranged weapons and melee
   (+2).
   rElec:     It insulates you from electricity.
   Regen+:    It increases your rate of health regeneration.
Wands
 M - a wand of quicksilver (169)
 U - a wand of digging (100) (quivered)
Scrolls
 j - 36 scrolls of immolation
 n - 12 scrolls of torment
 t - 62 scrolls of fog
 x - 75 scrolls of teleportation
 B - 40 scrolls of blinking
Potions
 f - 15 potions of haste
 k - 34 potions of curing
 o - 10 potions of enlightenment
 q - 5 potions of ambrosia
 v - 11 potions of brilliance
 w - 15 potions of cancellation
 C - 4 potions of invisibility
 P - 10 potions of magic
 T - 31 potions of heal wounds
Miscellaneous
 r - 2 +3 figurines of a ziggurat
 L - a phial of floods
 S - a lightning rod (4/4)
 W - a condenser vane


   Skills:
 O Level 27 Fighting
 - Level 6.0 Staves
 O Level 27 Throwing
 O Level 27 Armour
 O Level 27 Dodging
 - Level 14.0 Stealth
 - Level 20.0 Shields
 O Level 27 Spellcasting
 O Level 27 Conjurations
 - Level 2.0 Summonings
 - Level 20.0 Translocations
 + Level 25.8 Fire Magic
 O Level 27 Ice Magic
 - Level 20.0 Air Magic
 O Level 27 Earth Magic
 - Level 14.5 Alchemy
 O Level 27 Invocations
 + Level 25.8 Evocations


You couldn't memorise any spells.
You knew the following spells:

 Your Spells              Type           Power      Damage    Failure   Level
a - Ignition              Fire           84%        3d22      1%          8
b - Irradiate             Conj/Alch      54%        3d29      1%          5
c - Vhi's Electric Charg  Tloc/Air       100%       N/A       0%          4
d - Blink                 Tloc           100%       N/A       0%          2
e - Shatter               Erth           60%        3d45*     4%          9
f - Fire Storm            Conj/Fire      84%        8d21      5%          9
g - Olgreb's Toxic Radia  Alch           94%        N/A       1%          4
h - Ozocubu's Refrigerat  Ice            72%        4d23      1%          7
i - Polar Vortex          Ice            72%        12d9*     4%          9
j - Passage of Golubria   Tloc           100%       N/A       0%          4
k - Maxwell's Capacitive  Air            65%        ∞         4%          8
l - Plasma Beam           Fire/Air       94%        2x1d113   1%          6
m - Silence               Hex/Air        51%        N/A       1%          5

Your spell library contained the following spells:

 Spells                   Type           Power      Damage    Failure   Level
 Apportation              Tloc           100%       N/A       0%          1
 Foxfire                  Conj/Fire      100%       2x1d9     0%          1
 Freeze                   Ice            100%       1d10      0%          1
 Magic Dart               Conj           100%       1d8       0%          1
 Sandblast                Erth           100%       2d20      0%          1
 Shock                    Conj/Air       100%       1d9       0%          1
 Sting                    Conj/Alch      100%       1d9       0%          1
 Lesser Beckoning         Tloc           100%       N/A       0%          2
 Mercury Vapours          Alch/Air       100%       N/A       0%          2
 Momentum Strike          Conj/Tloc      100%       3d10      0%          2
 Scorch                   Fire           100%       2d9       0%          2
 Searing Ray              Conj           100%       2d8       0%          2
 Static Discharge         Conj/Air       100%       3-8/arc   0%          2
 Frozen Ramparts          Ice            100%       1d16      0%          3
 Gell's Gravitas          Tloc           100%       N/A       0%          3
 Hailstorm                Conj/Ice       100%       3d16      0%          3
 Mephitic Cloud           Conj/Alch/Air  100%       N/A       0%          3
 Ozocubu's Armour         Ice            100%       N/A       0%          3
 Passwall                 Erth           100%       N/A       0%          3
 Stone Arrow              Conj/Erth      100%       3d13      0%          3
 Swiftness                Air            100%       N/A       0%          3
 Teleport Other           Tloc           100%       N/A       0%          3
 Volatile Blastmotes      Fire/Tloc      100%       2d18      0%          3
 Airstrike                Air            65%        2d(10-26) 0%          4
 Brom's Barrelling Bould  Conj/Erth      100%       2d11      0%          4
 Flame Wave               Conj/Fire      100%       2d21      0%          4
 Fulminant Prism          Conj/Alch      54%        3d22      0%          4
 Ignite Poison            Fire/Alch      100%       N/A       0%          4
 Iskenderun's Mystic Bla  Conj/Tloc      100%       2d19      0%          4
 Leda's Liquefaction      Alch/Erth      54%        N/A       0%          4
 Manifold Assault         Tloc           100%       N/A       0%          4
 Petrify                  Alch/Erth      100%       N/A       0%          4
 Sticky Flame             Fire/Alch      100%       2d15      0%          4
 Arcjolt                  Conj/Air       69%        1d79      0%          5
 Fireball                 Conj/Fire      84%        3d31      0%          5
 Freezing Cloud           Conj/Ice/Air   83%        6-21      0%          5
 Iskenderun's Battlesphe  Conj           100%       2d15      0%          5
 Lee's Rapid Deconstruct  Erth           60%        3d28*     0%          5
 Bombard                  Conj/Erth      60%        9d10      0%          6
 Starburst                Conj/Fire      84%        6d21      0%          6
 Kiss of Death            Conj/Necr      100%       2d13      1%          1
 Summon Small Mammal      Summ           100%       N/A       1%          1
 Call Imp                 Summ           100%       N/A       1%          2
 Cigotuvi's Dreadful Rot  Necr/Alch/Air  100%       N/A       1%          2
 Ensorcelled Hibernation  Hex/Ice        100%       N/A       1%          2
 Dazzling Flash           Conj/Hex       100%       N/A       1%          3
 Inner Flame              Hex/Fire       100%       N/A       1%          3
 Summon Ice Beast         Ice/Summ       100%       N/A       1%          3
 Animate Armour           Summ/Erth      100%       N/A       1%          4
 Dimensional Bullseye     Hex/Tloc       41%        N/A       1%          4
 Summon Blazeheart Golem  Fire/Summ      100%       N/A       1%          4
 Summon Lightning Spire   Summ/Air       100%       N/A       1%          4
 Alistair's Intoxication  Alch           62%        N/A       1%          5
 Borgnjor's Vile Clutch   Necr/Erth      46%        N/A       1%          5
 Metabolic Englaciation   Hex/Ice        57%        N/A       1%          5
 Summon Forest            Summ/Tloc      42%        N/A       1%          5
 Conjure Ball Lightning   Conj/Air       69%        3x3d26    1%          6
 Dispersal                Tloc           53%        N/A       1%          6
 Eringya's Noxious Bog    Alch           47%        4d6       1%          6
 Sculpt Simulacrum        Ice/Alch       66%        N/A       1%          6
 Orb of Destruction       Conj           60%        9d15      1%          7
 Lehudib's Crystal Spear  Conj/Erth      60%        10d14     1%          8
 Necrotise                Necr           100%       1d9       2%          1
 Slow                     Hex            100%       N/A       2%          1
 Call Canine Familiar     Summ           54%        N/A       3%          3
 Jinxbite                 Hex            86%        N/A       4%          2
 Yara's Violent Unravell  Hex/Alch       37%        3d15      4%          5
 Disjunction              Tloc           53%        N/A       4%          8
 Spellforged Servitor     Conj/Summ      47%        N/A       6%          7
 Confusing Touch          Hex            43%        N/A       9%          3
 Fugue of the Fallen      Necr           43%        N/A       9%          3
 Sigil of Binding         Hex            43%        N/A       9%          3
 Tukima's Dance           Hex            43%        N/A       9%          3
 Vampiric Draining        Necr           43%        2d9       9%          3
 Martyr's Knell           Necr/Summ      49%        N/A       17%         4
 Chain Lightning          Conj/Air       69%        3d92      17%         9
 Malign Gateway           Summ/Tloc      42%        N/A       24%         7
 Anguish                  Hex/Necr       21%        N/A       26%         4
 Animate Dead             Necr           43%        N/A       26%         4
 Cause Fear               Hex            21%        N/A       26%         4
 Dispel Undead            Necr           43%        3d17      26%         4
 Summon Mana Viper        Hex/Summ       49%        N/A       43%         5
 Curse of Agony           Necr           43%        N/A       56%         5
 Summon Cactus Giant      Summ           27%        N/A       85%         6
 Death Channel            Necr           21%        N/A       98%         6
 Enfeeble                 Hex            21%        N/A       100%        7
 Haunt                    Necr/Summ      24%        N/A       100%        7
 Monstrous Menagerie      Summ           27%        N/A       100%        7
 Summon Hydra             Summ           27%        N/A       100%        7
 Discord                  Hex            21%        N/A       100%        8
 Infestation              Necr           21%        N/A       100%        8
 Summon Horrible Things   Summ           27%        N/A       100%        8
 Dragon's Call            Summ           27%        N/A       100%        9


Dungeon Overview and Level Annotations

Branches:
Dungeon (15/15)            Temple (1/1) D:7            Lair (5/5) D:11
  Swamp (4/4) Lair:2        Snake (4/4) Lair:2        Slime (5/5) Lair:4
    Orc (2/2) D:10            Elf (3/3) Orc:2        Vaults (5/5) D:13
  Crypt (3/3) Vaults:2       Tomb (3/3) Crypt:3      Depths (4/4) D:15
   Hell (visited)             Dis (7/7) Hell            Geh (7/7) Hell
    Coc (7/7) Hell            Tar (7/7) Hell            Zot (5/5) Depths:4
  IceCv (visited)

Altars:
Ashenzari
Cheibriados
Dithmenos
Fedhas
Gozag
Hepliaklqana
Kikubaaqudgha
Makhleb
Nemelex Xobeh
Okawaru
Qazlal
Ru
Sif Muna
Trog
Uskayaw
Vehumet
Wu Jian
Xom
Yredelemnul

Shops:
D:1 *(:(   D:5 (*!   D:10 [?!*=?*   Orc:2 *(:?:   Elf:2 *   Elf:3 [[[[
Snake:3 *(=   Vaults:5 :==(   Depths:1 :*::=   Depths:2 ?

Portals:
Hell: Depths:1 Depths:2 Depths:3 Depths:4
Abyss: Lair:2 Depths:3 Depths:4
Pandemonium: Depths:2 Depths:3
Trove: D:10 (give 10 potions of heal wounds)

Annotations:
Snake:4 Roxanne


Innate Abilities, Weirdness & Mutations

You are immune to poison.
You have sharp fingernails.
Your flesh is cold resistant. (rC+)
You are immune to negative energy. (rN+++)
You do not regenerate when monsters are visible.
You are immune to unholy pain and torment.
You thrive by killing the living.


Message History

There is a stone staircase leading up here.
You climb upwards.
There is a stone staircase leading down here.
You see here a +0 dagger of protection.
An Orb Guardian comes into view.
You block the Orb Guardian's attack. x2
You closely miss the Orb Guardian. The Orb Guardian closely misses you.
You hit the Orb Guardian!
The Orb Guardian is electrocuted!!
The Orb Guardian is moderately wounded.
You block the Orb Guardian's attack.
You hit the Orb Guardian.
The Orb Guardian is moderately wounded.
You block the Orb Guardian's attack.
The Orb Guardian hits you but does no damage.
You closely miss the Orb Guardian.
The Orb Guardian is moderately wounded.
You block the Orb Guardian's attack.
You closely miss the Orb Guardian.
The Orb Guardian is moderately wounded.
You block the Orb Guardian's attack.
You hit the Orb Guardian!
The Orb Guardian is electrocuted!!
The Orb Guardian is severely wounded.
The Orb Guardian misses you. The Orb Guardian hits you.
You hit the Orb Guardian.
The Orb Guardian is electrocuted!!
You kill the Orb Guardian!
You feel better.
No reachable target in view!
What level of the Dungeon? (default 1, ? - help)
There is an open door here.
There is a stone staircase leading up here.
You climb upwards.
There is a stone staircase leading down here.
There is a stone staircase leading up here.
You climb upwards.
There is a stone staircase leading down here.
You see here a +1 dagger of holy wrath.
There is an open door here.
There is a staircase leading out of the dungeon here.
Enter note: * *waves* * You have escaped!

#....## #.##..#
###.###.#
#.......#
########.......#
#.....'........#
#..#..##......##
#..#..#####'###
#..@..##.....#
#.....##..8..#
########.....#
#######


There were no monsters in sight!

Vanquished Creatures
  Cerebov (Pan)
  Antaeus (Coc:7)
  Asmodeus (Geh:7)
  Mnoleg (Pan)
  Ereshkigal (Tar:7)
  Lom Lobon (Pan)
  the Royal Jelly (Slime:5)
  Ignacio (Pan)
  Gloorx Vloq (Pan)
  the Serpent of Hell (Tar:7)
  28 ancient liches
  38 dread liches
  Dispater (Dis:7)
  The ghost of Heisao the Wrestler, a legendary TrBe of Trog (Zot:3)
  5 orbs of fire
  The ghost of Jofris Vesimp the Sniper, a legendary GnFE of Sif Muna (Zot:3)
  12 juggernauts
  The ghost of Mojoaz the Skullcrusher, a legendary GrFi of the Shining One (Zig:20)
  The ghost of Mojoaz the Skullcrusher, a legendary GrFi of the Shining One (Zig:20)
  The ghost of Mojoaz the Skullcrusher, a legendary GrFi of the Shining One (Zig:20)
  The ghost of Mojoaz the Skullcrusher, a legendary GrFi of the Shining One (Zig:20)
  The ghost of Mojoaz the Skullcrusher, a legendary GrFi of the Shining One (Zig:20)
  The ghost of Mojoaz the Skullcrusher, a legendary GrFi of the Shining One (Zig:20)
  The ghost of Mojoaz the Skullcrusher, a legendary GrFi of the Shining One (Zig:20)
  The ghost of Mojoaz the Skullcrusher, a legendary GrFi of the Shining One (Zig:20)
  The ghost of Mojoaz the Skullcrusher, a legendary GrFi of the Shining One (Zig:20)
  The ghost of Mojoaz the Skullcrusher, a legendary GrFi of the Shining One (Zig:20)
  The ghost of Mojoaz the Skullcrusher, a legendary GrFi of the Shining One (Zig:20)
  The ghost of Mojoaz the Skullcrusher, a legendary GrFi of the Shining One (Zig:20)
  The ghost of Mojoaz the Skullcrusher, a legendary GrFi of the Shining One (Zig:20)
  The ghost of Mojoaz the Skullcrusher, a legendary GrFi of the Shining One (Zig:8)
  The ghost of groovy9 the Slayer, a legendary GrBe of Trog (Zot:3)
  Boris (4 times) (Crypt:3 Tomb:2 Vaults:5 Zot:2)
  81 royal mummies
  32 Killer Klowns
  25 shard shrikes
  Bai Suzhen (Crypt:2)
  Vashnia (Snake:4)
  37 caustic shrikes
  8 curse toes
  Geryon (Hell)
  35 golden dragons
  14 profane servitors
  the Enchantress (Depths:1)
  38 bone dragons
  2 electric golems
  10 doom hounds
  2 pearl dragons
  17 Tzitzimimeh
  18 Brimstone Fiends
  21 tentacled monstrosities
  A spectral shard shrike (Tar:4)
  11 iron giants
  3 shard shrike zombies
  59 pandemonium lords
  A walking crystal tome (Depths:4)
  41 hellephants
  22 Hell Sentinels
  20 tainted leviathans
  3 shard shrike skeletons
  50 Ice Fiends
  28 Orb Guardians
  A walking earthen tome (Zig:14)
  23 liches
  11 quicksilver dragons
  41 titans
  13 deep elf blademasters
  15 deep elf master archers
  3 walking frostbound tomes
  56 acid blobs
  A quicksilver dragon (shapeshifter) (Zig:27)
  2 sphinxes (shapeshifter)
  26 searing wretches
  30 Executioners
  16 sphinxes
  Frances (Elf:1)
  49 ancient champions
  26 tentacled starspawn
  Agnes (D:15)
  11 death cobs
  15 shadow dragons
  17 storm dragons
  36 nagarajas
  4 thorn hunters
  Donald (Snake:4)
  11 tengu reavers
  A shadow dragon (shapeshifter) (Zig:24)
  38 revenants
  Aizul (Snake:2)
  5 daevas
  28 rockslimes
  12 fenstrider witches
  38 protean progenitors
  12 demonspawn warmongers (Pan)
  13 deep elf sorcerers
  21 draconian monks
  17 frost giants
  15 azure jellies
  2 azure jellies (shapeshifter)
  3 fenstrider witches (shapeshifter)
  33 vault wardens
  Louise (Swamp:2)
  The ghost of Waecyras the Bringer of Law, an adept KoGl of Zin (D:15)
  10 iron dragons
  A frost giant (shapeshifter) (Zig:27)
  35 draconian knights
  29 narguns
  14 fire giants
  13 draconian shifters
  18 emperor scorpions
  4 juggernaut zombies
  50 balrugs
  5 spectral caustic shrikes
  4 caustic shrike zombies
  A fire giant (shapeshifter) (Zig:21)
  8 deep elf elementalists
  18 draconian scorchers
  29 orc warlords
  8 ghouls
  13 quicksilver elementals
  2 angels
  47 ghost moths
  23 draconian stormcallers
  24 curse skulls
  19 demonspawn blood saints
  5 spriggan defenders
  24 draconian annihilators
  2 broodmothers (Zig:21)
  33 cacodemons
  6 shard shrike simulacra
  46 stone giants
  33 quicksilver oozes
  46 reapers
  40 very ugly things
  6 ironbound thunderhulks
  18 juggernaut skeletons
  30 ironbound preservers
  The ghost of Mallanif the Martial Artist, a journeyman GnSh of Ashenzari (D:13)
  20 elemental wellsprings
  18 formless jellyfish
  22 demonspawn corrupters
  11 caustic shrike skeletons
  An ophan (Zig:3)
  2 starflowers (Abyss:4)
  Nessos (D:15)
  An apis (Zig:3)
  26 black draconians
  15 lorocyprocas
  52 war gargoyles
  22 green draconians
  17 vampire knights
  20 demonspawn black suns
  22 deep elf death magi
  The ghost of ragingrage the Fighter, a journeyman BaSh of Uskayaw (Lair:2)
  2 eleionomae (shapeshifter) (Zig:24)
  A spectral titan (Tar:5)
  13 bennus
  10 deep elf demonologists
  16 putrid mouths
  2 minotaurs (shapeshifter)
  14 red draconians
  13 white draconians
  14 yellow draconians
  17 deep elf annihilators
  11 bunyips
  A minotaur (Pan)
  8 spark wasps
  4 eleionomae
  37 dire elephants
  2 dire elephants (shapeshifter)
  29 wendigos
  41 green deaths
  20 purple draconians
  A bunyip (shapeshifter) (Vaults:5)
  36 eidola
  20 iron golems
  Snorg (Orc:1)
  30 blizzard demons
  8 crystal guardians
  A spectral quicksilver dragon (Tar:3)
  17 jiangshi
  7 merfolk javelineers
  Josephine (D:14)
  10 fire dragons
  80 mummy priests
  20 ettins
  An entropy weaver (shapeshifter) (Elf:1)
  25 yaktaur captains
  21 shambling mangroves
  34 entropy weavers
  11 rakshasas
  16 deep elf high priests
  3 merfolk impalers
  Fannar (D:12)
  A quicksilver dragon zombie (Zig:25)
  37 hydras
  7 spectral spriggans
  16 great orbs of eyes
  Harold (Lair:1)
  10 ice dragons
  4 quicksilver dragon skeletons
  26 vault guards
  7 spriggan skeletons
  15 anacondas
  3 sphinx zombies
  11 caustic shrike simulacra
  10 alligators
  6 hell beasts
  Erolcha (Orc:2)
  7 juggernaut simulacra
  3 ghost crabs
  3 peacekeepers
  11 centaur warriors
  7 ironbound frosthearts
  Erica (D:10)
  A jorogumo (shapeshifter) (Zig:27)
  6 ogre magi
  10 stokers
  A fenstrider witch skeleton (Crypt:3)
  8 jorogumos
  6 spriggan air magi
  12 catoblepae
  35 salamander tyrants
  An alligator snapping turtle (shapeshifter) (Zig:21)
  19 naga warriors
  3 death knights
  5 merfolk aquamancers
  An alligator snapping turtle (Zig:13)
  65 dancing weapons
  16 two-headed ogres
  15 radroaches
  2 merfolk avatars (Zig:13)
  5 satyrs
  6 sphinx skeletons
  A two-headed ogre (shapeshifter) (Zig:24)
  12 boulder beetles
  4 tengu warriors
  4 deep troll shamans
  36 demonic crawlers
  2 Orb Guardian skeletons (Crypt:1)
  58 death scarabs
  A titan zombie (Zig:17)
  34 orc high priests
  9 death yaks
  45 hell hogs
  3 storm dragon zombies
  35 thrashing horrors
  A spectral storm dragon (Tar:1)
  21 naga sharpshooters
  An occultist (Depths:2)
  11 shock serpents
  2 spectral dire elephants
  8 spriggan berserkers
  28 vampire magi
  6 deep troll earth magi
  3 spectral emperor scorpions (Pan)
  6 titan skeletons
  3 shock serpents (shapeshifter)
  14 iron trolls
  6 hell knights
  48 shadow wraiths
  32 skysharks
  52 soul eaters
  8 crystal echidnas
  2 skysharks (shapeshifter)
  An iron troll (shapeshifter) (Zig:24)
  94 sun demons
  A hellephant skeleton (Pan)
  8 storm dragon skeletons
  30 deep elf knights
  3 salamander mystics
  26 wretched stars
  A spectral bunyip (Tar:2)
  3 golden dragon zombies
  46 skeletal warriors
  2 deep trolls (shapeshifter)
  A bunyip zombie (Crypt:1)
  A cherub (Zig:3)
  2 goliath frogs (shapeshifter)
  41 sixfirhies
  10 spatial maelstroms
  7 glowing orange brains
  13 pharaoh ants
  6 goliath frogs
  A spark wasp zombie (D:15)
  37 spriggan druids
  4 death drakes
  4 sea snakes (Zig:13)
  3 arcanists
  9 quicksilver dragon simulacra
  21 swamp dragons
  91 large abominations
  8 bog bodies
  5 orb spiders
  4 spriggan simulacra
  75 deep trolls
  6 obsidian statues
  3 orb spiders (shapeshifter)
  A lindwurm (shapeshifter) (Zig:18)
  19 flayed ghosts
  15 mana vipers
  A sun moth (shapeshifter) (Zig:27)
  6 mana vipers (shapeshifter)
  17 steelbarb worms
  5 lindwurms
  27 shadow demons (Pan)
  2 tengu zombies
  5 orange crystal statues
  22 deep elf archers
  13 sun moths
  8 naga ritualists
  26 orc knights
  8 harpies
  25 phantasmal warriors
  A spectral iron dragon (Tar:1)
  3 shadow dragon zombies
  18 ironbound convokers
  A harpy (shapeshifter) (D:13)
  43 deep elf zephyrmancers
  An iron dragon zombie (Zig:25)
  A bunyip skeleton (Tomb:1)
  An anaconda skeleton (Abyss:4)
  A sphinx simulacrum (Zig:24)
  10 necromancers
  A stone giant zombie (Tomb:3)
  37 deep elf pyromancers
  A wolf spider zombie (D:15)
  An oklob plant (Lair:5)
  A wolf spider (shapeshifter) (Zig:21)
  26 shining eyes
  73 starcursed masses
  2 spectral ettins
  4 golden dragon skeletons
  A fire giant zombie (Crypt:1)
  3 iron dragon skeletons
  4 tengu skeletons
  A manticore (shapeshifter) (Zig:24)
  A faun (Zig:7)
  47 ugly things
  3 draconians (Abyss:4)
  43 orc sorcerers
  4 will-o-the-wisps
  2 moths of wrath (shapeshifter)
  4 shadow dragon skeletons
  7 manticores
  A shining eye (shapeshifter) (Zig:24)
  A spectral centaur (Geh:2)
  A worldbinder (Zig:19)
  5 meliai
  25 wolf spiders
  12 kobold blastminers
  17 cyclopes
  14 salamanders
  A meliai (shapeshifter) (D:12)
  52 moths of wrath
  14 elephants
  80 black mambas
  A merfolk siren (Zig:13)
  A guardian serpent (shapeshifter) (Zig:24)
  2 water nymphs (shapeshifter)
  2 frost giant skeletons (Crypt:3)
  23 guardian serpents
  80 smoke demons
  15 ice statues
  An eye of devastation (shapeshifter) (Zig:24)
  24 vault sentinels
  3 torpor snails (shapeshifter)
  15 apocalypse crabs
  A black mamba (shapeshifter) (Zig:21)
  2 dire elephant zombies
  24 naga magi
  A stone giant skeleton (Crypt:1)
  5 centaur zombies
  14 rust devils
  4 molten gargoyles (Hell)
  36 cane toads
  6 titan simulacra
  17 eyes of devastation
  3 gargoyles
  5 water nymphs (Zig:13)
  4 storm dragon simulacra (IceCv)
  42 torpor snails
  A cane toad (shapeshifter) (Vaults:5)
  5 unseen horrors
  An unseen horror (shapeshifter) (Zig:27)
  26 komodo dragons
  24 orange demons
  29 tormentors
  2 dire elephant skeletons
  60 hellions
  15 rime drakes
  17 efreet
  A centaur skeleton (Crypt:1)
  An alligator snapping turtle skeleton (Crypt:3)
  5 kobold demonologists (D:12)
  7 golden dragon simulacra
  39 yaktaurs
  5 tengu conjurers
  152 guardian mummies
  11 freezing wraiths
  3 ice devils
  2 spectral nagas (Geh:2)
  7 anaconda simulacra
  27 ancient zymes
  A green draconian skeleton (Crypt:3)
  A spectral two-headed ogre (Tar:1)
  2 merfolk (Zig:13)
  A queen bee (Zig:13)
  3 spectral harpies
  4 iron giant simulacra
  A hydra zombie (Tar:7)
  4 polar bears (shapeshifter)
  A tengu simulacrum (Zig:24)
  3 harpy zombies
  6 bloated husks
  A merfolk (shapeshifter) (Zig:27)
  6 red devils
  42 hornets
  9 polar bears
  A moth of wrath zombie (Zot:2)
  3 shadow dragon simulacra
  9 tyrant leeches
  10 wind drakes
  20 glass eyes
  43 hellwings
  33 raiju
  16 tarantellas
  19 trolls
  A dream sheep (shapeshifter) (Zig:9)
  2 hornets (shapeshifter)
  A tarantella (shapeshifter) (Zig:18)
  21 blink frogs
  3 harpy skeletons
  5 dream sheep
  A glass eye (shapeshifter) (Zig:27)
  An ice dragon zombie (Crypt:2)
  2 snapping turtles
  A raiju (shapeshifter) (D:14)
  2 iron dragon simulacra
  8 spriggan zombies
  163 slime creatures
  14 jumping spiders
  A stone giant simulacrum (Coc:4)
  A black mamba zombie (Crypt:3)
  2 centaur simulacra
  25 spriggans
  2 culicivoras (shapeshifter)
  11 small abominations (Abyss:4)
  60 ynoxinuls
  14 culicivoras
  4 dire elephant simulacra
  A spriggan (shapeshifter) (Vaults:5)
  5 shadows
  5 vampires
  10 air elementals
  14 wraiths
  15 wyverns
  5 fire elementals
  16 water elementals
  67 yaks
  A hog (Zig:13)
  3 ettin skeletons
  55 ushabtiu
  8 steam dragons
  69 neqoxecs
  4 redbacks (shapeshifter)
  14 golden eyes
  26 wargs
  2 alligator snapping turtle simulacra
  14 vampire mosquitoes
  7 basilisks
  21 redbacks
  50 chaos spawn
  A glowing shapeshifter zombie (Zig:19)
  14 swamp worms
  A naga (shapeshifter) (Zig:24)
  2 hydra simulacra
  8 harpy simulacra
  A swamp worm (shapeshifter) (Zig:24)
  5 acid dragons
  48 nagas
  10 hell hounds
  2 glowing shapeshifter skeletons (Zig:25)
  57 water moccasins
  A cane toad skeleton (Crypt:1)
  A meliai simulacrum (D:14)
  8 black bears
  An ice beast (D:7)
  102 orc warriors
  8 swamp drakes
  3 black bears (shapeshifter)
  40 laughing skulls
  A hornet zombie (D:15)
  5 ice dragon simulacra (IceCv)
  A swamp dragon zombie (Tomb:2)
  6 ettin simulacra
  A tengu (Zig:13)
  21 wolves
  48 ogres
  11 boggarts
  10 centaurs
  A hog skeleton (Crypt:2)
  6 kobold brigands
  3 phantoms
  A brain worm (shapeshifter) (Zig:22)
  11 bullfrogs
  A naga simulacrum (Hell)
  8 weeping skulls (Abyss:4)
  6 gnoll sergeants
  A glowing shapeshifter simulacrum (Zig:10)
  7 earth elementals
  5 brain worms (Abyss:4)
  A draconian skeleton (Crypt:2)
  A cyclops zombie (Crypt:2)
  3 scorpions
  2 lindwurm simulacra (IceCv)
  A raiju zombie (Crypt:3)
  2 wights (D:8)
  2 swamp dragon simulacra
  5 killer bees
  A yak skeleton (Crypt:3)
  6 howler monkeys
  A crimson imp (D:4)
  3 lava snakes (Snake:1)
  5 jellies
  3 quasits
  A cerulean imp (D:4)
  7 hounds
  27 orc priests
  2 iron imps
  A sleepcap (D:6)
  2 human skeletons
  46 orc wizards
  2 iguanas
  6 hell rats
  4 naga skeletons
  255 mummies
  7 adders
  21 gnolls
  A steam dragon skeleton (Crypt:1)
  3 shadow imps
  A white imp (D:4)
  12 ufetubi
  An iguana skeleton (Crypt:3)
  2 dart slugs
  3 ribbon worms
  70 orcs
  An orc (shapeshifter) (Zig:9)
  9 ball pythons
  7 bats
  9 endoplasms
  4 giant cockroaches
  5 goblins
  7 hobgoblins
  9 jackals
  17 kobolds
  5 quokkas
  4 frilled lizards
  A gnoll skeleton (Crypt:2)
  An orc zombie (Crypt:1)
  7 rats
  54 aspiring fleshes
  15 ball lightnings
  A butterfly (Zig:15)
  6 creeping infernos
  9 fire vortices
  A lurking horror (Abyss:4)
  13 starspawn tentacles
8029 creatures vanquished.

Vanquished Creatures (collateral kills)
  9 dread liches
  6 ancient liches
  A juggernaut (Zig:21)
  The ghost of Mojoaz the Skullcrusher, a legendary GrFi of the Shining One (Zig:20)
  The ghost of Mojoaz the Skullcrusher, a legendary GrFi of the Shining One (Zig:20)
  The ghost of Mojoaz the Skullcrusher, a legendary GrFi of the Shining One (Zig:20)
  The ghost of Mojoaz the Skullcrusher, a legendary GrFi of the Shining One (Zig:20)
  9 royal mummies
  25 pandemonium lords
  5 Killer Klowns
  8 caustic shrikes
  16 golden dragons
  2 bone dragons
  10 tentacled monstrosities
  4 hellephants
  A Hell Sentinel (Zig:14)
  Asterion (Depths:2)
  A walking frostbound tome (Depths:4)
  6 titans (Zig:21)
  A walking earthen tome (Depths:4)
  2 Executioners
  A quicksilver dragon (Depths:4)
  2 sphinxes
  A sphinx (shapeshifter) (Zig:27)
  A tentacled starspawn (Zig:18)
  An acid blob (Zig:8)
  2 revenants
  3 shadow dragons
  A tengu reaver (Zig:11)
  An azure jelly (Zig:8)
  8 fire giants
  A frost giant (shapeshifter) (Zig:27)
  6 nagarajas
  2 protean progenitors
  A fenstrider witch (Zig:26)
  3 frost giants
  A vault warden (Zig:11)
  2 curse skulls (Zig:19)
  An iron dragon (Depths:3)
  4 ghouls
  2 orc warlords (Zig:24)
  A quicksilver ooze (Zig:13)
  4 very ugly things (Depths:4)
  A demonspawn corrupter (Zig:18)
  6 stone giants
  2 caustic shrike skeletons
  A juggernaut skeleton (Zig:17)
  A draconian annihilator (Zig:18)
  A formless jellyfish (Zig:26)
  A deep elf demonologist (Zig:22)
  3 eleionomae
  A deep elf death mage (Zig:19)
  7 bennus
  2 demonspawn black suns
  A bunyip (Zig:15)
  A dire elephant (Zig:22)
  A war gargoyle (Zig:4)
  A starcursed mass (Zig:18)
  4 white draconians
  2 spark wasps (Depths:3)
  4 shambling mangroves
  2 ettins
  2 iron golems (Zig:4)
  6 mummy priests
  A fire dragon (Zig:14)
  2 crystal guardians (Vaults:1)
  2 eidola
  A green death (Zig:15)
  3 yaktaur captains
  A jiangshi (Zig:12)
  A deep elf high priest (Zig:23)
  2 ice dragons
  5 hydras
  A spriggan air mage (Depths:3)
  3 salamander tyrants
  A great orb of eyes (Zig:26)
  A spriggan skeleton (Zig:19)
  2 anacondas
  A two-headed ogre (shapeshifter) (Depths:4)
  A ghost crab (Zig:20)
  A tengu warrior (Depths:1)
  2 centaur warriors
  2 alligators
  An alligator snapping turtle (shapeshifter) (Zig:27)
  2 catoblepae
  A death scarab (Zig:17)
  A sphinx skeleton (Zig:25)
  A boulder beetle (D:12)
  A two-headed ogre (D:11)
  3 dancing weapons
  A naga warrior (Snake:4)
  11 death yaks
  A deep troll earth mage (Depths:3)
  A thrashing horror (Zig:12)
  A spriggan berserker (Depths:3)
  2 naga sharpshooters (Zig:17)
  4 orc high priests (Zig:24)
  A storm dragon zombie (Depths:2)
  A soul eater (Zig:6)
  A titan skeleton (Zig:19)
  2 wretched stars
  3 skysharks
  A salamander mystic (Zig:17)
  A spriggan druid (Lair:2)
  A fire crab (Zig:5)
  3 iron trolls
  5 skeletal warriors
  A death drake (Swamp:2)
  An orange crystal statue (Zig:23)
  2 flayed ghosts
  A bog body (Crypt:1)
  A mana viper (Snake:1)
  A swamp dragon (Zig:26)
  2 sun moths (shapeshifter) (Zig:24)
  A storm dragon skeleton (Zig:16)
  A deep elf archer (Zig:22)
  2 mana vipers (shapeshifter)
  3 deep trolls (Depths:3)
  3 steelbarb worms
  A wolf spider zombie (D:15)
  A phantasmal warrior (Depths:2)
  A lindwurm (shapeshifter) (Depths:4)
  A deep elf zephyrmancer (Zig:9)
  The ghost of apoch the Cleaver, a novice HOFi (D:4)
  2 death drakes (shapeshifter)
  A naga ritualist (Zig:17)
  3 orc knights
  An oklob plant (Zig:22)
  A tengu skeleton (Zig:16)
  A deep elf pyromancer (D:12)
  3 shining eyes
  13 ugly things
  3 cyclopes
  A manticore (Lair:5)
  5 orc sorcerers
  2 moths of wrath
  A will-o-the-wisp (Zig:15)
  3 guardian serpents
  4 apocalypse crabs
  A kobold blastminer (Orc:2)
  A vault sentinel (Zig:23)
  2 iron dragon skeletons
  3 smoke demons
  A torpor snail (Zig:22)
  7 black mambas
  5 elephants
  2 hellions
  2 freezing wraiths
  2 large abominations
  2 rime drakes
  8 cane toads
  Jeremiah (D:7)
  2 tengu conjurers
  An ancient zyme (Zig:12)
  4 komodo dragons
  3 guardian mummies
  A spark wasp simulacrum (Depths:2)
  2 polar bears
  3 tyrant leeches
  2 trolls
  11 hornets
  A bloated husk (Zig:15)
  A wind drake (Zig:13)
  A merfolk (shapeshifter) (Zig:11)
  4 blink frogs
  A dream sheep (Lair:5)
  An ettin zombie (Crypt:1)
  10 spriggans
  7 slime creatures
  19 yaks
  6 ushabtiu
  A basilisk (shapeshifter) (Zig:27)
  7 wyverns
  A wraith (D:13)
  8 basilisks
  3 wargs
  A steam dragon (D:8)
  A chaos spawn (Zig:27)
  An acid dragon (D:10)
  2 nagas
  10 water moccasins
  11 orc warriors
  An ice beast (D:7)
  2 ice dragon simulacra (IceCv)
  9 black bears
  An ice beast (shapeshifter) (Zig:27)
  2 ogres
  A boggart (Lair:5)
  7 wolves
  3 centaurs
  A kobold brigand (D:7)
  Blork the orc (D:5)
  A necrophage (Crypt:1)
  6 bullfrogs
  A gnoll sergeant (D:11)
  A wight (D:8)
  2 killer bees (D:9)
  2 lindwurm simulacra (IceCv)
  A jelly (D:7)
  A gnoll bouda (D:10)
  5 orc priests
  2 hounds
  A sleepcap (D:8)
  An iguana (D:6)
  9 orc wizards
  2 hell rats (Lair:5)
  6 mummies
  7 gnolls
  An adder (D:6)
  A shadow imp (D:7)
  3 white imps
  15 orcs
  2 kobolds (D:7)
  7 aspiring fleshes
629 creatures vanquished.

Vanquished Creatures (others)
  10 pandemonium lords
  2 dread liches (Zig:27)
  An ancient lich (Zig:23)
  3 royal mummies
  4 Killer Klowns
  4 golden dragons
  A tentacled monstrosity (Zig:15)
  An Ice Fiend (Pan)
  A deep elf master archer (Zig:22)
  An Orb Guardian (Zot:5)
  An ancient champion (Zig:12)
  An acid blob (Zig:9)
  2 eldritch tentacles
  3 fire giants
  A rockslime (Zig:26)
  2 draconian knights
  2 nagarajas
  A protean progenitor (Zig:27)
  2 frost giants
  A deep elf elementalist (Elf:3)
  An emperor scorpion (Zig:4)
  3 stone giants
  A formless jellyfish (shapeshifter) (Zig:27)
  A draconian stormcaller (Zig:16)
  A juggernaut skeleton (Zig:17)
  3 demonspawn blood saints (Pan)
  3 orc warlords
  A quicksilver ooze (Zig:8)
  A draconian annihilator (Zig:18)
  A vampire knight (Depths:2)
  A lorocyproca (Pan)
  An eleionoma (shapeshifter) (Zig:21)
  A deep elf death mage (Zig:19)
  A bennu (Zig:19)
  A red draconian (Zig:18)
  A minotaur (shapeshifter) (Zig:21)
  A yellow draconian (Zig:6)
  2 green deaths (Pan)
  An ettin (Zig:24)
  2 shambling mangroves
  A hydra (Zig:15)
  A spriggan air mage (Pan)
  A catoblepas (Zig:16)
  An anaconda (Zig:17)
  A centaur warrior (Vaults:1)
  An orc high priest (Zig:25)
  2 thrashing horrors (Zig:18)
  A soul eater (Pan)
  An iron troll (shapeshifter) (Zig:27)
  2 deep elf knights
  A wretched star (Zig:12)
  A sea snake (shapeshifter) (Zig:21)
  A deep elf archer (Zig:22)
  3 glowing orange brains
  A sun moth (Pan)
  A spriggan simulacrum (Coc:6)
  An ironbound convoker (Zig:23)
  A wolf spider (Zig:4)
  A spectral ettin (Geh:2)
  A deep elf pyromancer (Zig:22)
  A shining eye (Zig:9)
  A will-o-the-wisp (Zig:15)
  A water nymph (shapeshifter) (Zig:24)
  A guardian serpent (shapeshifter) (Zig:24)
  3 apocalypse crabs
  A rime drake (Zig:17)
  4 smoke demons (Pan)
  2 cane toads (Zig:23)
  A tormentor (Zig:21)
  A bloated husk (Swamp:3)
  4 hellwings (Pan)
  A dream sheep (shapeshifter) (Zig:24)
  A tyrant leech (Zig:27)
  3 hornets (Zig:15)
  A snapping turtle (Zig:27)
  A jumping spider (shapeshifter) (Zig:27)
  An ushabti (Zig:25)
  A small abomination (Abyss:4)
  2 ynoxinuls
  3 golden eyes (Abyss:4)
  A steam dragon (shapeshifter) (Zig:24)
  A neqoxec (Pan)
  2 chaos spawn (Zig:24)
  A water moccasin (Zig:16)
  A laughing skull (Abyss:4)
  A hound (shapeshifter) (Zig:21)
  2 mummies (Zig:17)
  An aspiring flesh (Zig:21)
  28 ball lightnings
  12 foxfires
  A lurking horror (Abyss:4)
  21 starspawn tentacles
202 creatures vanquished.

Grand Total: 8860 creatures vanquished

Notes
Turn   | Place    | Note
-------+----------+-------------------------------------------
     0 | D:1      | indexOfRegret the Ghoul Ice Elementalist began the quest
                  | for the Orb.
     0 | D:1      | Reached XP level 1. HP: 14/14 MP: 3/3
   294 | D:1      | Reached XP level 2. HP: 20/20 MP: 1/4
   392 | D:1      | Reached skill level 5 in Ice Magic
   478 | D:1      | Found Jyfu's Book Boutique.
   482 | D:1      | Found Uwyrr's Antique Weapon Emporium.
   597 | D:1      | Found Roeg's Assorted Antiques.
   598 | D:1      | Found Emaitz's Antique Weapon Shop.
  1073 | D:2      | Reached XP level 3. HP: 26/26 MP: 3/5
  1081 | D:2      | Learned a level 3 spell: Frozen Ramparts
  1934 | D:3      | Reached XP level 4. HP: 32/33 MP: 4/7
  2262 | D:3      | Found a hide-covered altar of Uskayaw.
  2265 | D:3      | Noticed a +0 hand axe
  2266 | D:3      | Noticed a +0 dagger
  2611 | D:3      | Reached XP level 5. HP: 38/38 MP: 6/8
  2908 | D:4      | Learned a level 3 spell: Ozocubu's Armour
  2929 | D:4      | Found an ornate altar of the Wu Jian Council.
  3073 | D:4      | Reached skill level 1 in Summonings
  3073 | D:4      | Reached XP level 6. HP: 42/45 MP: 7/9
  3446 | D:4      | Found a sacrificial altar of Ru.
  3469 | D:4      | Found a runed translucent gate.
  3469 | D:4      | Found a runed translucent gate.
  3469 | D:4      | Found a runed translucent gate.
  3471 | D:4      | Noticed apoch's ghost (novice HOFi)
  3488 | D:4      | Reached XP level 7. HP: 50/50 MP: 8/10
  3890 | D:5      | Entered Level 5 of the Dungeon
  3911 | D:5      | Reached skill level 1 in Fighting
  3978 | D:5      | Found Bokychyo's General Store.
  3986 | D:5      | Bought a potion of curing for 45 gold pieces
  4000 | D:5      | Found Idekodgh's Distillery.
  4092 | D:5      | Noticed Blork the orc
  4601 | D:5      | Learned a level 3 spell: Summon Ice Beast
  4644 | D:6      | Found a broken altar of Ashenzari.
  4644 | D:6      | Found a radiant altar of Vehumet.
  4677 | D:6      | Reached XP level 8. HP: 57/67 MP: 11/11
  4845 | D:6      | Reached skill level 5 in Fighting
  5496 | D:5      | Found Nacsoup's Weapon Shop.
  5527 | D:5      | Killed Blork the orc
  5740 | D:7      | Reached XP level 9. HP: 82/82 MP: 7/12
  5815 | D:7      | Found a staircase to the Ecumenical Temple.
  5829 | Temple   | Entered the Ecumenical Temple
  5848 | Temple   | Became a worshipper of Nemelex Xobeh the Trickster
  5918 | D:7      | Noticed Jeremiah
  5961 | D:7      | Killed Jeremiah
  6297 | D:7      | Reached skill level 10 in Fighting
  6642 | D:7      | Reached skill level 1 in Invocations
  7264 | D:7      | Reached skill level 5 in Invocations
  7605 | D:8      | Found a stormy altar of Qazlal.
  7743 | D:8      | Learned a level 3 spell: Hailstorm
  7781 | D:8      | Reached XP level 10. HP: 94/94 MP: 5/14
  7814 | D:8      | Reached * piety under Nemelex Xobeh
  8374 | D:8      | Reached skill level 5 in Stealth
  8374 | D:8      | Reached skill level 1 in Conjurations
  8978 | D:9      | Received a gift from Nemelex Xobeh
  9449 | D:9      | Reached skill level 10 in Ice Magic
 10116 | D:9      | Reached ** piety under Nemelex Xobeh
 10252 | D:9      | Reached XP level 11. HP: 101/101 MP: 12/17
 10318 | D:10     | Entered Level 10 of the Dungeon
 10318 | D:10     | Found Balep's Distillery.
 10318 | D:10     | Found a portal to a secret trove of treasure.
 10500 | D:10     | Found a blossoming altar of Fedhas.
 10508 | D:10     | Found Feenaoge's General Store.
 10512 | D:10     | Noticed Erica
 10550 | D:10     | Reached skill level 1 in Armour
 10704 | D:10     | Bought a potion of degeneration for 13 gold pieces
 11217 | D:10     | Found Wusimm's Magic Scroll Emporium.
 11224 | D:10     | Bought a scroll of teleportation for 36 gold pieces
 11224 | D:10     | Bought a scroll of fear for 48 gold pieces
 11266 | D:10     | Found a staircase to the Orcish Mines.
 11300 | D:10     | Reached skill level 5 in Dodging
 11360 | D:10     | Found Avuam's General Store.
 11392 | D:10     | Found Reqitas's Jewellery Emporium.
 11480 | D:10     | Noticed a two-headed ogre
 11508 | D:10     | Killed a two-headed ogre
 11571 | D:10     | Found Juisoxuodo's Armour Boutique.
 11718 | D:10     | Found Foixoff's Magic Scroll Boutique.
 12201 | D:11     | Found a staircase to the Lair.
 12210 | D:11     | Reached skill level 1 in Alchemy
 12225 | D:11     | Noticed a two-headed ogre
 12233 | D:11     | Killed a two-headed ogre
 12666 | D:11     | Reached skill level 5 in Alchemy
 12938 | D:11     | Noticed a two-headed ogre
 12951 | D:11     | Killed a two-headed ogre
 12952 | D:11     | Reached XP level 12. HP: 107/107 MP: 18/18
 13504 | Lair:1   | Entered Level 1 of the Lair of Beasts
 13527 | Lair:1   | Reached *** piety under Nemelex Xobeh
 13618 | Lair:1   | Learned a level 6 spell: Sculpt Simulacrum
 14060 | Lair:1   | Received a gift from Nemelex Xobeh
 14269 | Lair:1   | Reached skill level 5 in Spellcasting
 14363 | Lair:1   | Noticed Sonja
 14365 | Lair:1   | Sonja changed into Sonja the golden eye
 14365 | Lair:1   | Noticed Sonja
 14367 | Lair:1   | Killed Sonja the golden eye
 14491 | Lair:1   | Noticed Harold
 15210 | Lair:2   | Reached XP level 13. HP: 114/114 MP: 21/21
 15423 | Lair:2   | Learned a level 4 spell: Olgreb's Toxic Radiance
 15507 | Lair:2   | Found a staircase to the Swamp.
 15696 | Lair:2   | Received a gift from Nemelex Xobeh
 15714 | Lair:2   | Found a staircase to the Snake Pit.
 15813 | Lair:2   | Noticed a tentacled starspawn
 15838 | Lair:2   | Found a transporter.
 16075 | Lair:2   | Noticed ragingrage's ghost (journeyman BaSh)
 16094 | Lair:2   | Found a transporter.
 16279 | Lair:2   | Found a one-way gate to the infinite horrors of the Abyss.
 16321 | Lair:3   | Received a gift from Nemelex Xobeh
 16651 | Lair:3   | Reached skill level 15 in Ice Magic
 16781 | Lair:3   | Reached **** piety under Nemelex Xobeh
 17184 | Lair:4   | Found a staircase to the Slime Pits.
 17494 | Lair:4   | Received a gift from Nemelex Xobeh
 17507 | Lair:4   | Reached XP level 14. HP: 118/124 MP: 13/23
 17910 | Lair:5   | Entered Level 5 of the Lair of Beasts
 18358 | Lair:5   | Received a gift from Nemelex Xobeh
 19278 | Lair:5   | Received a gift from Nemelex Xobeh
 19400 | Lair:5   | Reached ***** piety under Nemelex Xobeh
 19668 | Lair:5   | Found a blossoming altar of Fedhas.
 19830 | Lair:5   | Noticed a dire elephant
 20464 | Lair:5   | Reached skill level 1 in Shields
 20906 | Lair:5   | Reached XP level 15. HP: 128/130 MP: 26/26
 21051 | Lair:1   | Killed Harold
 21200 | D:10     | Killed Erica
 21252 | D:10     | Bought the amulet of Xom's Bemusement {RegenMP rElec Regen+
                  | Int+2 Slay+2} for 849 gold pieces
 21313 | Orc:1    | Entered Level 1 of the Orcish Mines
 21332 | Orc:1    | You fall into a shaft and drop 1 floor!
 21332 | Orc:2    | Entered Level 2 of the Orcish Mines
 21349 | Orc:2    | Received a gift from Nemelex Xobeh
 21644 | Orc:2    | Received a gift from Nemelex Xobeh
 21662 | Orc:2    | Found a staircase to the Elven Halls.
 21669 | Orc:2    | Found Uledac's General Store.
 22183 | Orc:1    | Noticed Snorg
 22190 | Orc:1    | Killed Snorg
 22515 | Orc:2    | Learned a level 7 spell: Ozocubu's Refrigeration
 22533 | Orc:2    | Found Taggesox's Magic Scroll Shoppe.
 22557 | Orc:2    | Found Moammi's Book Emporium.
 22601 | Orc:2    | Found an ancient bone altar of Kikubaaqudgha.
 22666 | Orc:2    | Noticed Erolcha
 22669 | Orc:2    | Killed Erolcha
 22825 | Orc:2    | Found a radiant altar of Vehumet.
 22850 | Orc:2    | Found Itatutz's Book Shoppe.
 22864 | Orc:2    | Found Golihu's Antique Weapon Emporium.
 23136 | D:4      | Killed apoch's ghost
 23329 | D:12     | Received a gift from Nemelex Xobeh
 23962 | D:12     | Identified 2 scrolls of acquirement
 23962 | D:12     | Acquired 972 gold pieces
 23964 | D:12     | Acquired 656 gold pieces
 24054 | D:10     | Bought a potion of enlightenment for 75 gold pieces
 24054 | D:10     | Bought a potion of brilliance for 60 gold pieces
 24054 | D:10     | Bought a potion of heal wounds for 75 gold pieces
 24087 | D:10     | Bought a scroll of torment for 114 gold pieces
 24087 | D:10     | Bought a scroll of summoning for 114 gold pieces
 24087 | D:10     | Bought a scroll of teleportation for 36 gold pieces
 24087 | D:10     | Bought a scroll of teleportation for 36 gold pieces
 24113 | D:10     | Bought the ring "Jecanuva" {Wiz rF+ rN+ rCorr Dex+3} for
                  | 901 gold pieces
 24223 | Orc:2    | Bought a scroll of acquirement for 676 gold pieces
 24223 | Orc:2    | Acquired the +6 Majin-Bo {spellvamp, MP+6 Int+6}
 24223 | Orc:2    | Found the +6 Majin-Bo {spellvamp, MP+6 Int+6}
 24237 | Orc:2    | Bought a scroll of blinking for 97 gold pieces
 24402 | D:12     | Identified the +10 long sword of Fee Simple {venom, rPois
                  | Str+4 Int-5}
 24510 | D:12     | Received a gift from Nemelex Xobeh
 24848 | D:12     | Noticed Fannar
 24866 | D:12     | Killed Fannar
 24867 | D:12     | Reached skill level 15 in Fighting
 24894 | D:12     | Identified the ring of Cuyrreptau {Will+ Int+4}
 25525 | D:13     | Received a gift from Nemelex Xobeh
 25618 | D:13     | Found a runed translucent door.
 25666 | D:13     | Reached XP level 16. HP: 93/149 MP: 28/28
 25709 | D:12     | Reached skill level 1 in Staves
 26078 | D:13     | Found a runed translucent door.
 26083 | D:13     | Noticed a storm dragon
 26086 | D:13     | Noticed a lich
 26087 | D:13     | Noticed Mallanif's ghost (journeyman GnSh)
 26382 | D:13     | Found a gate to the Vaults.
 26791 | D:14     | Received a gift from Nemelex Xobeh
 27050 | D:14     | Noticed Josephine
 27057 | D:14     | Killed Josephine
 27347 | D:15     | Entered Level 15 of the Dungeon
 27368 | D:15     | Received a gift from Nemelex Xobeh
 27650 | Snake:1  | Entered Level 1 of the Snake Pit
 27996 | Snake:1  | Reached skill level 1 in Evocations
 28053 | Snake:1  | Received a gift from Nemelex Xobeh
 28781 | Snake:1  | Reached ****** piety under Nemelex Xobeh
 28781 | Snake:1  | Received a gift from Nemelex Xobeh
 29200 | Swamp:1  | Entered Level 1 of the Swamp
 29375 | D:10     | Bought a +2 buckler of protection for 322 gold pieces
 29870 | Swamp:1  | Reached XP level 17. HP: 102/161 MP: 6/29
 30333 | D:1      | Bought a book of Spontaneous Combustion for 456 gold pieces
 30616 | Swamp:2  | Received a gift from Nemelex Xobeh
 30638 | Swamp:2  | Found a burning altar of Makhleb.
 30641 | Swamp:2  | Identified the +0 robe of Boredom {Harm Rampage rElec rC-}
 30770 | Swamp:2  | Got the Essays on Mercurial Beguiling
 30779 | Swamp:2  | Learned a level 6 spell: Eringya's Noxious Bog
 30818 | Swamp:2  | Noticed Louise
 30847 | Swamp:2  | Killed Louise
 30934 | Swamp:2  | Reached skill level 10 in Invocations
 31179 | Swamp:2  | Identified the +5 hand axe of Qyagets {vamp, ^Contam rC+
                  | Will+ Stlth+}
 31273 | Swamp:3  | Found a glacial archway.
 31393 | IceCv    | Entered an ice cave
 31426 | IceCv    | Reached skill level 5 in Armour
 32395 | IceCv    | Identified the ring "Jigymn" {Fire Will+ rCorr}
 32397 | IceCv    | Identified the ring "Mifouh" {*Corrode Str+3 Dex+6}
 32445 | IceCv    | Got Theurgy in Simple Steps
 32691 | Snake:2  | Identified the serpent talisman of Snakes and Ladders
                  | {Will++}
 32691 | Snake:2  | Noticed Aizul
 32702 | Snake:2  | Killed Aizul
 32884 | Snake:2  | Received a gift from Nemelex Xobeh
 32975 | Snake:2  | Reached skill level 10 in Spellcasting
 33061 | Snake:2  | Identified the +2 scale mail "Bigostra" {rElec rPois MP+9}
 34542 | Snake:3  | Received a gift from Nemelex Xobeh
 34566 | Snake:3  | Found Inle's Assorted Antiques.
 34568 | Snake:3  | Found Vabeg's Antique Weapon Boutique.
 34570 | Snake:3  | Found Utrewk's Jewellery Shop.
 34610 | Snake:3  | Found an ornate altar of the Wu Jian Council.
 35009 | Snake:4  | Entered Level 4 of the Snake Pit
 35009 | Snake:4  | Received a gift from Nemelex Xobeh
 35026 | Snake:4  | Reached XP level 18. HP: 169/169 MP: 2/32
 35390 | Snake:4  | Learned a level 5 spell: Irradiate
 35480 | Snake:4  | Received a gift from Nemelex Xobeh
 35480 | Snake:4  | Noticed Donald
 35483 | Snake:4  | Killed Donald
 35754 | Snake:4  | Noticed Roxanne
 36261 | Snake:4  | Noticed Vashnia
 36263 | Snake:4  | Killed Vashnia
 36417 | Snake:4  | Got a serpentine rune of Zot
 36896 | Swamp:3  | Received a gift from Nemelex Xobeh
 37512 | Swamp:4  | Entered Level 4 of the Swamp
 37920 | Swamp:4  | Reached skill level 5 in Shields
 37920 | Swamp:4  | Reached XP level 19. HP: 179/179 MP: 19/33
 38063 | Swamp:4  | Got a decaying rune of Zot
 38854 | Lair:2   | Killed ragingrage's ghost
 39128 | Snake:3  | Bought the ring of the Jackalope {*Corrode rF+ rC+ MP+9
                  | Int+5} for 780 gold pieces
 39540 | D:15     | Received a gift from Nemelex Xobeh
 39705 | D:15     | Found a runed translucent gate.
 39706 | D:15     | Found a runed translucent gate.
 39706 | D:15     | Found an opulent altar of Gozag.
 39707 | D:15     | Found a runed translucent gate.
 39809 | D:15     | Noticed Waecyras's ghost (adept KoGl)
 39835 | D:15     | Killed Waecyras's ghost
 39906 | D:15     | Found a shimmering altar of Xom.
 40089 | D:15     | Found a staircase to the Depths.
 40222 | D:15     | Reached skill level 10 in Armour
 40325 | D:15     | Noticed Nessos
 40327 | D:15     | Killed Nessos
 40727 | D:15     | Noticed Agnes
 40733 | D:15     | Killed Agnes
 41081 | D:10     | Bought a scroll of enchant armour for 90 gold pieces
 41115 | Orc:2    | Bought a scroll of enchant armour for 127 gold pieces
 41123 | Elf:1    | Entered Level 1 of the Elven Halls
 41418 | Elf:1    | Found a runed translucent gate.
 41419 | Elf:1    | Found a runed translucent gate.
 41420 | Elf:1    | Found a runed translucent gate.
 41516 | Elf:1    | Received a gift from Nemelex Xobeh
 41813 | Elf:1    | Noticed Frances
 41832 | Elf:1    | Killed Frances
 41965 | Elf:1    | Received a gift from Nemelex Xobeh
 42467 | Elf:1    | Reached skill level 10 in Alchemy
 42621 | Elf:2    | Reached XP level 20. HP: 187/187 MP: 34/34
 42825 | Elf:2    | Found Plog's General Store.
 43534 | Elf:1    | Found a shimmering blue altar of Sif Muna.
 43702 | Elf:2    | Found a runed translucent gate.
 43702 | Elf:2    | Found a runed translucent gate.
 43702 | Elf:2    | Found a runed translucent gate.
 43724 | Elf:2    | Reached skill level 10 in Shields
 43846 | Elf:2    | Received a gift from Nemelex Xobeh
 44468 | Elf:3    | Entered Level 3 of the Elven Halls
 44468 | Elf:3    | Found a shimmering blue altar of Sif Muna.
 44533 | Elf:3    | Found Tuduz's Antique Armour Emporium.
 44702 | Elf:3    | Received a gift from Nemelex Xobeh
 44805 | Elf:3    | Found Jieluh's Antique Armour Shoppe.
 44816 | Elf:3    | Bought a pair of embroidered gloves for 255 gold pieces
 45004 | Elf:3    | Found Pamiath's Antique Armour Shop.
 45022 | Elf:3    | Found Umiza's Armour Boutique.
 45966 | Elf:3    | Identified the +1 war axe of Distraction {heavy, rElec
                  | rPois Stlth+}
 46083 | Elf:3    | Identified the ring of the Present {rPois rF+ Int-2 Slay+4}
 46086 | Elf:3    | Identified the +0 leather armour "Tyunulay" {rElec rC+ rN+
                  | Dex+3}
 46158 | Elf:3    | Reached XP level 21. HP: 194/194 MP: 15/35
 46164 | Abyss:4  | Cast into level 4 of the Abyss (ghostly deep elf death
                  | mage)
 46253 | Abyss:4  | Received a gift from Nemelex Xobeh
 46298 | Elf:3    | Escaped the Abyss
 46550 | Elf:3    | Identified the ring of Fahe {rC+ rN+ MP+9}
 46631 | Elf:3    | Identified the +2 pair of boots "Veaset" {rPois Int+2
                  | Dex-2}
 46647 | Elf:3    | Identified the +7 plate armour of Resonance {^Contam Int+6
                  | SInv}
 46653 | Elf:3    | Identified the +2 longbow of Onoponk {freeze, rPois rC++
                  | rCorr Stlth-}
 46679 | Elf:3    | Identified the staff of Fabirio {rF+ Dex+6 Fire}
 46683 | Elf:3    | Got the Octavo of Corpses
 46687 | Elf:3    | Got the Spellbook of the Congregation and Bedrock
 46754 | Elf:3    | Got the Encyclopedia of Crystallized Toxicants
 46759 | Elf:3    | Got the Guidebook on Transposed Outbursts
 46844 | Elf:3    | Bought a glowing cloak for 232 gold pieces
 46856 | Elf:3    | Bought a pair of runed gloves for 232 gold pieces
 46886 | Elf:3    | Bought a +0 cloak of willpower for 207 gold pieces
 47091 | D:10     | Bought a scroll of acquirement for 832 gold pieces
 47091 | D:10     | Acquired 510 gold pieces
 47123 | D:10     | Bought a potion of magic for 96 gold pieces
 47193 | Vaults:1 | Entered Level 1 of the Vaults
 47276 | D:13     | Killed Mallanif's ghost
 47450 | D:13     | Identified the +1 sling of Gallantry {drain, rC- rN++}
 47722 | Vaults:1 | Received a gift from Nemelex Xobeh
 48539 | Vaults:1 | Received a gift from Nemelex Xobeh
 49666 | Vaults:2 | Identified the +3 ring mail of Untruth {Will+ MP+9 Int-4
                  | SInv}
 50197 | Vaults:2 | Received a gift from Nemelex Xobeh
 50508 | Vaults:2 | Found a staircase to the Crypt.
 50980 | Vaults:2 | Reached skill level 5 in Staves
 50980 | Vaults:2 | Reached XP level 22. HP: 180/202 MP: 24/37
 51214 | Vaults:2 | Received a gift from Nemelex Xobeh
 52643 | Vaults:3 | Identified the +3 hand axe of the Mashing Oracle {spect,
                  | rN+ Will+ Int+2}
 52822 | Vaults:3 | Received a gift from Nemelex Xobeh
 52930 | Crypt:1  | Entered Level 1 of the Crypt
 54390 | Vaults:4 | Received a gift from Nemelex Xobeh
 55482 | Vaults:4 | Reached XP level 23. HP: 213/213 MP: 12/38
 56640 | Depths:1 | Entered Level 1 of the Depths
 56724 | Depths:1 | Received a gift from Nemelex Xobeh
 57362 | Crypt:2  | Noticed Bai Suzhen
 57555 | Crypt:2  | Noticed a dread lich
 57569 | Crypt:2  | Found a transporter.
 57596 | Crypt:2  | Found a shimmering blue altar of Sif Muna.
 57776 | Crypt:2  | Found the +3 hat of Pondering {ponderous, Will+ MP+10
                  | Int+5}
 57914 | Crypt:2  | Killed Bai Suzhen
 58232 | Crypt:3  | Entered Level 3 of the Crypt
 58474 | Crypt:3  | Received a gift from Nemelex Xobeh
 58829 | Crypt:3  | Noticed Boris
 58919 | Crypt:3  | Killed Boris
 60000 | Crypt:3  | Noticed a dread lich
 60000 | Crypt:3  | Noticed a dread lich
 60059 | Crypt:3  | Found a staircase to the Tomb.
 60338 | Crypt:3  | Noticed an ancient lich
 60383 | Crypt:3  | Killed an ancient lich
 60851 | Crypt:3  | Paralysed by a dread lich for 4 turns
 60859 | Crypt:3  | Killed a dread lich
 60875 | Crypt:3  | Killed a dread lich
 60889 | Crypt:3  | Identified the ring "Bang" {rC+ rN+ Int+3}
 60891 | Crypt:3  | Identified the +2 pair of boots of Makhleb's Benevolence
                  | {rPois rF+++ MP+9 Slay-2}
 60893 | Crypt:3  | Identified the staff "Suffisat" {rN+ Int+2 Necro}
 60893 | Crypt:3  | Identified the death talisman "Jehenk" {rC++ Dex-4}
 60896 | Crypt:3  | Identified the +2 chain mail of Zuevien {*Slow +Inv rPois
                  | Int+5}
 60905 | Crypt:3  | Upgraded the game from 0.31.0-2-g5a2aebc5c2 to
                  | 0.31.0-4-g52a2dc7128
 61292 | Depths:1 | Received a gift from Nemelex Xobeh
 61332 | Depths:1 | Noticed the Enchantress
 61341 | Depths:1 | Killed the Enchantress
 61537 | Depths:1 | Found a runed translucent door.
 61700 | Depths:1 | Found Biraxzez's Tiny Tomes.
 61927 | Depths:1 | Found Nihoma's Book Shop.
 61928 | Depths:1 | Found Xuotuhol's Jewellery Emporium.
 61929 | Depths:1 | Found Katrul's Book Shop.
 62031 | Depths:1 | Found Big Baal Hell's Store.
 62036 | Depths:1 | Found a gateway to Hell.
 62178 | Depths:2 | Reached XP level 24. HP: 226/226 MP: 18/38
 62424 | Depths:2 | Learned a level 9 spell: Polar Vortex
 62439 | Depths:2 | Found Poaschuri's Magic Scroll Emporium.
 62470 | Depths:2 | Noticed Asterion
 62493 | Depths:2 | Killed Asterion
 62494 | Depths:2 | Received a gift from Nemelex Xobeh
 62830 | Depths:2 | Noticed a juggernaut
 62851 | Depths:2 | Killed a juggernaut
 63208 | Depths:2 | Identified the staff of Momolej {rElec rC+++ rN+ Int-2 Conj
                  | Necro}
 63226 | Depths:2 | Identified the +0 glaive "Ketytirgh" {holy, ^Drain rC+
                  | SInv}
 63575 | Depths:2 | Found a one-way gate leading to the halls of Pandemonium.
 63854 | Depths:3 | Received a gift from Nemelex Xobeh
 63856 | Depths:3 | Found an ornate altar of the Wu Jian Council.
 63941 | Depths:3 | Found a one-way gateway to a ziggurat.
 63941 | Depths:3 | Noticed an ancient lich
 64046 | Depths:3 | Killed an ancient lich
 65087 | Depths:4 | Entered Level 4 of the Depths
 65287 | Depths:4 | Received a gift from Nemelex Xobeh
 65657 | Depths:4 | Reached XP level 25. HP: 233/233 MP: 14/38
 66042 | Depths:4 | Received a gift from Nemelex Xobeh
 66166 | Depths:4 | Reached skill level 27 in Ice Magic
 66309 | Depths:4 | Noticed a dread lich
 66333 | Depths:4 | Killed a dread lich
 66350 | Depths:4 | Found a gate to the Realm of Zot.
 66656 | Depths:1 | Bought a manual of Armour for 1520 gold pieces
 66841 | Slime:1  | Entered Level 1 of the Pits of Slime
 66883 | Slime:1  | Received a gift from Nemelex Xobeh
 67211 | Tomb:1   | Entered Level 1 of the Tomb of the Ancients
 67486 | Tomb:1   | Noticed a royal mummy
 67494 | Tomb:1   | Noticed a royal mummy
 67495 | Tomb:1   | Killed a royal mummy
 67511 | Tomb:1   | Killed a royal mummy
 67798 | Tomb:2   | Noticed a royal mummy
 67798 | Tomb:2   | Noticed a royal mummy
 67798 | Tomb:2   | Noticed a royal mummy
 67798 | Tomb:2   | Noticed a royal mummy
 67809 | Tomb:2   | Killed a royal mummy
 67811 | Tomb:2   | Noticed Boris
 67812 | Tomb:2   | Killed a royal mummy
 67813 | Tomb:2   | Killed a royal mummy
 67815 | Tomb:2   | Killed a royal mummy
 67820 | Tomb:2   | Killed Boris
 67980 | Tomb:2   | Acquired 665 gold pieces
 67998 | Tomb:2   | Received a gift from Nemelex Xobeh
 68252 | Tomb:1   | Noticed a royal mummy
 68254 | Tomb:1   | Noticed a royal mummy
 68255 | Tomb:1   | Noticed a royal mummy
 68257 | Tomb:1   | Noticed a royal mummy
 68257 | Tomb:1   | Noticed a royal mummy
 68274 | Tomb:1   | Noticed a royal mummy
 68277 | Tomb:1   | Killed a royal mummy
 68278 | Tomb:1   | Killed a royal mummy
 68278 | Tomb:1   | Killed a royal mummy
 68280 | Tomb:1   | Killed a royal mummy
 68281 | Tomb:1   | Reached XP level 26. HP: 86/248 MP: 10/38
 68281 | Tomb:1   | Killed a royal mummy
 68286 | Tomb:1   | Killed a royal mummy
 68333 | Tomb:1   | Noticed a royal mummy
 68334 | Tomb:1   | Noticed a royal mummy
 68338 | Tomb:1   | Killed a royal mummy
 68338 | Tomb:1   | Killed a royal mummy
 68339 | Tomb:1   | Reached skill level 15 in Armour
 68392 | Tomb:1   | Noticed a royal mummy
 68398 | Tomb:1   | Killed a royal mummy
 68399 | Tomb:1   | Noticed a royal mummy
 68410 | Tomb:1   | Killed a royal mummy
 68556 | Tomb:1   | Noticed a royal mummy
 68564 | Tomb:1   | Killed a royal mummy
 68837 | Tomb:3   | Entered Level 3 of the Tomb of the Ancients
 68853 | Tomb:3   | Found the +10 morningstar "Eos" {elec, Halo rElec}
 68955 | Tomb:3   | Noticed a royal mummy
 68961 | Tomb:3   | Reached skill level 1 in Translocations
 68962 | Tomb:3   | Noticed a royal mummy
 68962 | Tomb:3   | Noticed a royal mummy
 68962 | Tomb:3   | Noticed a royal mummy
 68965 | Tomb:3   | Noticed a royal mummy
 68970 | Tomb:3   | Killed a royal mummy
 68972 | Tomb:3   | Noticed a royal mummy
 68977 | Tomb:3   | Noticed a royal mummy
 69138 | Tomb:3   | Noticed a royal mummy
 69141 | Tomb:3   | Noticed a royal mummy
 69145 | Tomb:3   | Killed a royal mummy
 69153 | Tomb:3   | Killed a royal mummy
 69154 | Tomb:3   | Killed a royal mummy
 69154 | Tomb:3   | Killed a royal mummy
 69155 | Tomb:3   | Killed a royal mummy
 69159 | Tomb:3   | Killed a royal mummy
 69168 | Tomb:3   | Killed a royal mummy
 69303 | Tomb:3   | Killed a royal mummy
 69331 | Tomb:3   | Got the Elucidation of the Wyrd
 69378 | Tomb:3   | Identified the +9 dagger of Calculation {venom, Int+4
                  | Stlth+}
 69400 | Tomb:3   | Identified the staff "Orb Guardian's Curse" {rPois rF- rC-
                  | rCorr Earth}
 69403 | Tomb:3   | Identified the staff "Wuniq" {rF- MP+9 Dex+4 SInv Conj}
 69505 | Tomb:3   | Identified the +11 spear of Ivifen {heavy, rF+ Dex+3
                  | Stlth+}
 69601 | Tomb:3   | Identified the +4 flail of Doom {freeze, ^Contam rN++
                  | Will++}
 69656 | Tomb:3   | Got a golden rune of Zot
 69693 | Tomb:3   | Received a gift from Nemelex Xobeh
 70071 | Tomb:1   | Identified the +7 sling of Vuukaking {heavy, rElec}
 70485 | Lair:1   | Learned a level 4 spell: Passage of Golubria
 70490 | Lair:1   | Learned a level 2 spell: Blink
 70572 | Slime:1  | Received a gift from Nemelex Xobeh
 70922 | Slime:3  | Received a gift from Nemelex Xobeh
 70990 | Slime:5  | Entered Level 5 of the Pits of Slime
 71048 | Slime:5  | Noticed the Royal Jelly
 71056 | Slime:5  | Killed the Royal Jelly
 71057 | Slime:5  | Reached XP level 27. HP: 264/264 MP: 29/40
 71129 | Slime:5  | Got a slimy rune of Zot
 71318 | Slime:5  | Identified the +5 long sword "Yrowom" {flame, rF+ rC- Str+5
                  | SInv}
 71329 | Slime:5  | Identified the +5 orcbow of the Seven Xeniums {freeze,
                  | Dex+4}
 71334 | Slime:5  | Identified the +10 spear of Kosmosku {freeze, *Rage Str+5
                  | Int+2 SInv}
 71397 | Slime:5  | Identified the +14 plate armour of Trial and Error {Rampage
                  | Int-4 Stlth+}
 71424 | Slime:5  | Received a gift from Nemelex Xobeh
 72009 | Slime:4  | Received a gift from Nemelex Xobeh
 72414 | Slime:3  | Received a gift from Nemelex Xobeh
 73268 | Slime:2  | Received a gift from Nemelex Xobeh
 73705 | Vaults:5 | Entered Level 5 of the Vaults
 73877 | Vaults:5 | Identified the ring of Jedd {Fly rC+ Int-4 SInv}
 73877 | Vaults:5 | Noticed Boris
 73879 | Vaults:5 | Identified the ring "Guep" {*Slow rC+ Str+3 Int+2 Dex+3}
 73940 | Vaults:5 | Killed Boris
 74338 | Vaults:5 | Got the Codex of the Lithosphere
 74340 | Vaults:5 | Got a silver rune of Zot
 74375 | Vaults:5 | Reached skill level 27 in Fighting
 74564 | Vaults:5 | Noticed an ancient lich
 74576 | Vaults:5 | Killed an ancient lich
 74843 | Vaults:5 | Received a gift from Nemelex Xobeh
 75296 | Vaults:5 | Found Muratt's Antique Weapon Shop.
 75303 | Vaults:5 | Found Noint's Jewellery Shoppe.
 75382 | Vaults:5 | Noticed a dread lich
 75395 | Vaults:5 | Killed a dread lich
 75428 | Vaults:5 | Found Logyel's Book Shoppe.
 75436 | Vaults:5 | Found Jots's Jewellery Shop.
 75680 | Vaults:5 | Identified the +8 broad axe of Analysis {heavy, rPois rC+
                  | Str+3 Dex-4}
 76207 | Depths:1 | Bought a +2 pair of gloves of cold resistance for 1419 gold
                  | pieces
 76624 | Depths:1 | Identified the +4 lajatang of the Scorpion {heavy, rPois
                  | Str+4}
 76637 | Depths:1 | Identified the ring "Seutoukk" {Fly rN++ Int+5 Dex-3}
 76739 | Depths:3 | Voluntarily entered the Abyss.
 76752 | Abyss:4  | Received a gift from Nemelex Xobeh
 76769 | Abyss:4  | Found a corrupted altar of Lugonu.
 76869 | Abyss:4  | Reached skill level 15 in Shields
 76872 | Abyss:4  | Paralysed by accursed screaming for 1 turns
 76875 | Abyss:4  | Paralysed by accursed screaming for 1 turns
 76927 | Abyss:4  | Found a corrupted altar of Lugonu.
 76954 | Abyss:4  | Noticed a dread lich
 77049 | Abyss:4  | Found a transporter.
 77202 | Abyss:4  | Found a transporter.
 77220 | Abyss:4  | Got an abyssal rune of Zot
 77317 | Abyss:4  | Received a gift from Nemelex Xobeh
 77529 | Abyss:4  | Paralysed by accursed screaming for 1 turns
 77772 | Abyss:4  | Found a transporter.
 77856 | Abyss:4  | Found a transporter.
 77869 | Depths:3 | Escaped the Abyss
 77966 | Zot:1    | Entered Level 1 of the Realm of Zot
 78122 | Zot:1    | Received a gift from Nemelex Xobeh
 79306 | Zot:2    | Received a gift from Nemelex Xobeh
 79325 | Zot:2    | Noticed an orb of fire
 79332 | Zot:2    | Killed an orb of fire
 80002 | Zot:3    | Received a gift from Nemelex Xobeh
 80063 | Zot:3    | You fall into a shaft and drop 1 floor!
 80064 | Zot:4    | Found a transporter.
 80064 | Zot:4    | Found a transporter.
 80070 | Zot:4    | Found a transporter.
 80070 | Zot:4    | Found a transporter.
 80184 | Zot:4    | Found a transporter.
 80189 | Zot:4    | Found a transporter.
 80452 | Zot:4    | Identified the +3 kite shield of Intercession {*Slow Will+
                  | Str+8 Stlth+}
 80489 | Zot:4    | Received a gift from Nemelex Xobeh
 80560 | Zot:3    | Found a runed translucent gate.
 80560 | Zot:3    | Found a runed translucent gate.
 80560 | Zot:3    | Found an ancient bone altar of Kikubaaqudgha.
 80560 | Zot:3    | Found a runed translucent gate.
 80560 | Zot:3    | Noticed an ancient lich
 80560 | Zot:3    | Noticed Heisao's ghost (legendary TrBe)
 80560 | Zot:3    | Noticed a dread lich
 80560 | Zot:3    | Noticed groovy9's ghost (legendary GrBe)
 80562 | Zot:3    | Noticed Jofris Vesimp's ghost (legendary GnFE)
 81127 | Zot:3    | Received a gift from Nemelex Xobeh
 81559 | Zot:3    | Killed a dread lich
 81560 | Zot:3    | Killed an ancient lich
 81564 | Zot:3    | Killed Jofris Vesimp's ghost
 81564 | Zot:3    | Killed Heisao's ghost
 81575 | Zot:3    | Killed groovy9's ghost
 81580 | Zot:3    | Identified the ring of Xeeral {Fire ^Drain rN++ MP+9}
 81599 | Zot:3    | Identified the +0 hat of Kehughiu {rF+++ Str-5 Int+4}
 81730 | Zot:5    | Entered Level 5 of the Realm of Zot
 82257 | Zot:5    | Received a gift from Nemelex Xobeh
 82357 | Zot:5    | Noticed a dread lich
 82384 | Zot:5    | Killed a dread lich
 82511 | Zot:5    | Noticed an ancient lich
 82548 | Zot:5    | Killed an ancient lich
 82585 | Zot:5    | Noticed an orb of fire
 82612 | Zot:5    | Killed an orb of fire
 82668 | Zot:5    | Noticed an ancient lich
 82698 | Zot:5    | Killed an ancient lich
 82776 | Zot:5    | Noticed an orb of fire
 82790 | Zot:5    | Killed an orb of fire
 83003 | Zot:5    | Noticed an ancient lich
 83010 | Zot:5    | Killed an ancient lich
 83075 | Zot:5    | Noticed an orb of fire
 83076 | Zot:5    | Noticed an orb of fire
 83077 | Zot:5    | Noticed a dread lich
 83082 | Zot:5    | Killed an orb of fire
 83083 | Zot:5    | Killed a dread lich
 83083 | Zot:5    | Killed an orb of fire
 83133 | Zot:5    | Noticed an ancient lich
 83143 | Zot:5    | Killed an ancient lich
 83358 | Zot:5    | Noticed a dread lich
 83370 | Zot:5    | Killed a dread lich
 83466 | Zot:5    | Identified the +8 chain mail of the Boiling Point {rPois
                  | rC- Regen+ Int+4}
 84044 | Crypt:2  | Killed a dread lich
 84059 | Crypt:2  | Found a transporter.
 84142 | Crypt:2  | Got More Spellwork
 84453 | Depths:1 | Bought 10 scrolls of blinking for 4950 gold pieces
 84629 | Lair:1   | Learned a level 4 spell: Vhi's Electric Charge
 84787 | Pan      | Entered Pandemonium
 84791 | Pan      | Received a gift from Nemelex Xobeh
 84886 | Pan      | Found an exit through the horrors of the Abyss.
 84995 | Pan      | Received a gift from Nemelex Xobeh
 85110 | Pan      | Noticed Zaines the pandemonium lord
 85118 | Pan      | Killed Zaines the pandemonium lord
 85119 | Pan      | Reached skill level 1 in Air Magic
 85576 | Pan      | Received a gift from Nemelex Xobeh
 85857 | Pan      | Noticed Qudgheh the pandemonium lord
 85862 | Pan      | Killed Qudgheh the pandemonium lord
 86049 | Pan      | Got a demonic rune of Zot
 86288 | Pan      | Received a gift from Nemelex Xobeh
 86684 | Depths:2 | Escaped Pandemonium
 86686 | Pan      | Entered Pandemonium
 86686 | Pan      | Noticed Ibachudgh the pandemonium lord
 86691 | Pan      | Killed Ibachudgh the pandemonium lord
 86693 | Pan      | Identified the +5 chain mail of the Cooper {Regen+ rCorr
                  | Str-3 Dex+3}
 86718 | Depths:2 | Escaped Pandemonium
 86720 | Pan      | Entered Pandemonium
 86766 | Pan      | Received a gift from Nemelex Xobeh
 86977 | Pan      | Identified the +1 leather armour of Nablouri {rPois rF-
                  | rC+}
 87003 | Pan      | Received a gift from Nemelex Xobeh
 87508 | Pan      | Reached skill level 27 in Armour
 87519 | Pan      | Noticed Siz Ysh the pandemonium lord
 87523 | Pan      | Killed Siz Ysh the pandemonium lord
 87552 | Pan      | Reached skill level 15 in Spellcasting
 87686 | Pan      | Received a gift from Nemelex Xobeh
 88205 | Pan      | Noticed Ignacio
 88210 | Pan      | Killed Ignacio
 88211 | Pan      | Reached skill level 5 in Translocations
 88350 | Pan      | Received a gift from Nemelex Xobeh
 88384 | Pan      | Noticed Yricropte the pandemonium lord
 88403 | Pan      | Killed Yricropte the pandemonium lord
 88708 | Pan      | Identified the +0 scale mail of Vexation {Harm rC- Str-4
                  | Dex+3}
 88839 | Pan      | Entered the realm of Cerebov.
 88876 | Pan      | Reached skill level 10 in Dodging
 89028 | Pan      | Identified the ring "Nofe" {Ice rN+ Will+ Dex-2}
 89117 | Pan      | Identified the +11 dagger of Poag {flame, *Noise rPois rF++
                  | rN+}
 89192 | Pan      | Found the +6 sword of Cerebov {flame}
 89192 | Pan      | Noticed Cerebov
 89228 | Pan      | Received a gift from Nemelex Xobeh
 89358 | Pan      | Killed Cerebov
 89377 | Pan      | Got a fiery rune of Zot
 89744 | Pan      | Found an exit through the horrors of the Abyss.
 89857 | Pan      | Received a gift from Nemelex Xobeh
 90325 | Pan      | Received a gift from Nemelex Xobeh
 90547 | Pan      | Found an exit through the horrors of the Abyss.
 90649 | Pan      | Noticed Sokynocy the pandemonium lord
 90662 | Pan      | Killed Sokynocy the pandemonium lord
 91142 | Depths:2 | Escaped Pandemonium
 91145 | Pan      | Entered Pandemonium
 91267 | Pan      | Received a gift from Nemelex Xobeh
 91585 | Pan      | Noticed Nonab the pandemonium lord
 91591 | Pan      | Killed Nonab the pandemonium lord
 91756 | Pan      | Entered the realm of Mnoleg.
 91820 | Pan      | Received a gift from Nemelex Xobeh
 92362 | Pan      | Received a gift from Nemelex Xobeh
 92413 | Pan      | Noticed Mnoleg
 92427 | Pan      | Killed Mnoleg
 92468 | Pan      | Got a glowing rune of Zot
 92624 | Pan      | Found an exit through the horrors of the Abyss.
 92927 | Pan      | Received a gift from Nemelex Xobeh
 92928 | Pan      | Noticed Zuumnoho the pandemonium lord
 92934 | Pan      | Killed Zuumnoho the pandemonium lord
 92966 | Pan      | Got the Tractate on Akashic Beguiling
 93005 | Pan      | Entered the realm of Lom Lobon.
 93408 | Pan      | Reached skill level 15 in Invocations
 93549 | Pan      | Noticed Lom Lobon
 93585 | Pan      | did you know that: vortexing lom is very inconsistent
 94143 | Pan      | Got a magical rune of Zot
 94190 | Pan      | Entered the realm of Gloorx Vloq.
 94254 | Pan      | Received a gift from Nemelex Xobeh
 94291 | Pan      | Found an exit through the horrors of the Abyss.
 94439 | Pan      | Received a gift from Nemelex Xobeh
 94456 | Pan      | Reached skill level 10 in Translocations
 94719 | Pan      | Noticed Gloorx Vloq
 94728 | Pan      | Killed Gloorx Vloq
 94741 | Pan      | Got a dark rune of Zot
 95885 | Pan      | Learned a level 8 spell: Disjunction
 95886 | Pan      | Took an exit into the Abyss.
 95886 | Abyss:4  | Escaped into the Abyss
 95886 | Abyss:4  | Found a corrupted altar of Lugonu.
 96076 | Depths:2 | Escaped the Abyss
 96138 | Hell     | Entered the Vestibule of Hell
 96138 | Hell     | Noticed Geryon
 96144 | Hell     | Killed Geryon
 96333 | Hell     | Found a gateway to the ashen valley of Gehenna.
 96528 | Hell     | Found a gateway to the Iron City of Dis.
 96685 | Hell     | Found a gateway to the freezing wastes of Cocytus.
 96756 | Hell     | Found a gateway to the decaying netherworld of Tartarus.
 96769 | Hell     | Received a gift from Nemelex Xobeh
 97245 | D:5      | Bought a potion of curing for 42 gold pieces
 97245 | D:5      | Bought a potion of heal wounds for 70 gold pieces
 97245 | D:5      | Bought a potion of heal wounds for 70 gold pieces
 97245 | D:5      | Bought a potion of magic for 112 gold pieces
 97245 | D:5      | Bought a potion of heal wounds for 70 gold pieces
 97245 | D:5      | Bought a potion of curing for 42 gold pieces
 97375 | Orc:2    | Bought a scroll of silence for 161 gold pieces
 97375 | Orc:2    | Bought a potion of magic for 136 gold pieces
 97746 | Zig:1    | Entered Level 1 of a ziggurat
 97771 | Zig:2    | Entered Level 2 of a ziggurat
 97772 | Zig:2    | Noticed Anoh the pandemonium lord
 97779 | Zig:2    | Killed Anoh the pandemonium lord
 97804 | Zig:3    | Entered Level 3 of a ziggurat
 97837 | Zig:4    | Entered Level 4 of a ziggurat
 97872 | Zig:5    | Entered Level 5 of a ziggurat
 97892 | Zig:5    | Identified the ring of Kouck {rF+ rC+}
 97904 | Zig:6    | Entered Level 6 of a ziggurat
 97917 | Zig:6    | Identified the +10 hand axe of the Endless March {drain,
                  | rElec rF++ Stlth-}
 97921 | Zig:6    | Identified the staff of the Living God {rElec rC- Dex+2
                  | SInv Air}
 97932 | Zig:7    | Entered Level 7 of a ziggurat
 97944 | Zig:7    | Reached skill level 15 in Translocations
 97987 | Zig:8    | Entered Level 8 of a ziggurat
 97995 | Zig:8    | Noticed Mojoaz's ghost (legendary GrFi)
 98017 | Zig:8    | Killed Mojoaz's ghost
 98060 | Zig:9    | Entered Level 9 of a ziggurat
 98065 | Zig:9    | Noticed a dread lich
 98066 | Zig:9    | Noticed an ancient lich
 98068 | Zig:9    | Noticed a dread lich
 98072 | Zig:9    | Killed an ancient lich
 98073 | Zig:9    | Killed a dread lich
 98074 | Zig:9    | Killed a dread lich
 98101 | Zig:9    | Identified the +5 plate armour of Fashionability {Dex+2
                  | SInv}
 98102 | Zig:9    | Identified the +1 chain mail of the Pirate {-Tele rN+++
                  | Regen+ Stlth-}
 98134 | Zig:10   | Entered Level 10 of a ziggurat
 98146 | Zig:10   | Found the +8 trishula "Condemnation" {holy, anguish, *Noise
                  | Fly rN+}
 98188 | Zig:10   | Identified the +11 shortbow of Analysis {flame, rC++}
 98209 | Zig:11   | Entered Level 11 of a ziggurat
 98217 | Zig:11   | Received a gift from Nemelex Xobeh
 98229 | Zig:11   | Noticed a dread lich
 98230 | Zig:11   | Noticed a dread lich
 98230 | Zig:11   | Noticed a dread lich
 98236 | Zig:11   | Killed a dread lich
 98237 | Zig:11   | Killed a dread lich
 98240 | Zig:11   | Killed a dread lich
 98311 | Zig:11   | Identified the +9 war axe of Destiny {spect, rElec Will-
                  | Str+5 Dex+3}
 98339 | Zig:12   | Entered Level 12 of a ziggurat
 98357 | Zig:12   | Reached skill level 1 in Fire Magic
 98361 | Zig:12   | Identified the +1 pair of gloves "Xinycw" {+Inv rElec rC++
                  | Int-4}
 98371 | Zig:12   | Identified the +5 dire flail "Luethrili" {heavy, SInv}
 98377 | Zig:12   | Identified the +3 scale mail of the Orb {Rampage rC- rN++
                  | MP+9}
 98409 | Zig:13   | Entered Level 13 of a ziggurat
 98462 | Zig:13   | Identified the +3 quarterstaff of Animal Spirits {spect,
                  | Str+3}
 98475 | Zig:13   | Identified the +8 chain mail of Utauh {Rampage *Corrode
                  | Will+ Str+3}
 98501 | Zig:14   | Entered Level 14 of a ziggurat
 98542 | Zig:14   | Identified the ring "Feasiust" {Fire +Blink rN+ Str+5
                  | Dex+3}
 98565 | Zig:14   | Identified the +7 flail of Resourcefulness {pain, rC+}
 98578 | Zig:14   | Got the Almanac of the Excruciating Crater
 98602 | Zig:15   | Entered Level 15 of a ziggurat
 98614 | Zig:15   | Received a gift from Nemelex Xobeh
 98617 | Zig:15   | Reached skill level 1 in Earth Magic
 98625 | Zig:15   | Found the +7 Spriggan's Knife {stab, EV+4 Stlth+}
 98677 | Zig:15   | Identified the +4 spear of Keoxu {holy, Int+3}
 98726 | Zig:16   | Entered Level 16 of a ziggurat
 98746 | Zig:16   | Reached skill level 15 in Dodging
 98746 | Zig:16   | Reached skill level 5 in Earth Magic
 98788 | Zig:16   | Found the +4 Cigotuvi's embrace {Corpsefed rMiasma ^Drain
                  | rN+}
 98792 | Zig:16   | Identified the +6 broad axe of Rotten Trial by Ordeal
                  | {freeze, rF+ rN+ Stlth+}
 98800 | Zig:16   | Identified the ring of Suroekeo {Int+5 Dex+6}
 98809 | Zig:16   | Identified the amulet of the Cockatrice {Acrobat Str+2
                  | Int+3 Dex-3}
 98816 | Zig:16   | Identified the +0 chain mail of the Pink Corner {rCorr
                  | Str+3 Dex+2 Stlth+}
 98819 | Zig:16   | Identified the +8 glaive of Uhyg {heavy, rN+ Will+}
 98846 | Zig:17   | Entered Level 17 of a ziggurat
 98928 | Zig:17   | Identified the +0 chain mail "Diunn" {rElec rC++ Int-4}
 98933 | Zig:17   | Identified the +5 arbalest of Law {heavy, rCorr}
 98937 | Zig:17   | Identified the +7 dire flail "Kuwad" {spect, rElec rF+++
                  | rCorr Dex-4}
 98968 | Zig:18   | Entered Level 18 of a ziggurat
 98978 | Zig:18   | Noticed Ulev the pandemonium lord
 98989 | Zig:18   | Noticed Roum the pandemonium lord
 98990 | Zig:18   | Noticed Qawam the pandemonium lord
 98990 | Zig:18   | Noticed Rits the pandemonium lord
 98990 | Zig:18   | Noticed Apakudu the pandemonium lord
 98990 | Zig:18   | Noticed Inaaj the pandemonium lord
 98990 | Zig:18   | Noticed Syigucs the pandemonium lord
 98992 | Zig:18   | Killed Ulev the pandemonium lord
 98992 | Zig:18   | Noticed Pirigh the pandemonium lord
 98993 | Zig:18   | Noticed Riph the pandemonium lord
 98993 | Zig:18   | Noticed Ibro the pandemonium lord
 98994 | Zig:18   | Noticed Afrufoer the pandemonium lord
 98995 | Zig:18   | Killed Apakudu the pandemonium lord
 98995 | Zig:18   | Killed Afrufoer the pandemonium lord
 98997 | Zig:18   | Killed Inaaj the pandemonium lord
 99002 | Zig:18   | Killed Qawam the pandemonium lord
 99002 | Zig:18   | Killed Rits the pandemonium lord
 99005 | Zig:18   | Killed Roum the pandemonium lord
 99006 | Zig:18   | Killed Syigucs the pandemonium lord
 99007 | Zig:18   | Killed Pirigh the pandemonium lord
 99009 | Zig:18   | Killed Ibro the pandemonium lord
 99011 | Zig:18   | Killed Riph the pandemonium lord
 99044 | Zig:18   | Identified the granite talisman of Chill Winds {*Slow rF-
                  | rN+++ Str+2}
 99045 | Zig:18   | Identified the +6 war axe "Nircheberch" {antimagic, Str+3
                  | Stlth+}
 99090 | Zig:18   | Identified the +1 sling of Annihilation {heavy, rC- rCorr
                  | Str-4 Int+4}
 99128 | Zig:19   | Entered Level 19 of a ziggurat
 99171 | Zig:19   | Identified the -2 pair of boots "Maahosuq" {Str+2 Dex+4}
 99194 | Zig:19   | Identified the ring of Uniceann {rElec AC+4 Slay-4 Stlth+}
 99210 | Zig:19   | Upgraded the game from 0.31.0-4-g52a2dc7128 to
                  | 0.31.0-7-gf635a9b802
 99214 | Zig:20   | Entered Level 20 of a ziggurat
 99250 | Zig:20   | Reached skill level 5 in Air Magic
 99316 | Zig:20   | Identified the +8 shortbow "Vurucsom" {antimagic, rCorr
                  | Int+4}
 99344 | Zig:20   | Learned a level 8 spell: Maxwell's Capacitive Coupling
 99345 | Zig:20   | Identified the +2 morningstar of the Tent {drain, rCorr}
 99347 | Zig:20   | Identified the staff "Worm" {*Corrode Int+6 Earth}
 99381 | Zig:20   | Received a gift from Nemelex Xobeh
 99416 | Zig:21   | Entered Level 21 of a ziggurat
 99441 | Zig:21   | Noticed Ral Sua the pandemonium lord
 99442 | Zig:21   | Noticed Qedwej the pandemonium lord
 99442 | Zig:21   | Noticed Ukhleony the pandemonium lord
 99443 | Zig:21   | Noticed Poumerra the pandemonium lord
 99445 | Zig:21   | Noticed Zisewo the pandemonium lord
 99445 | Zig:21   | Noticed Bitenal the pandemonium lord
 99445 | Zig:21   | Noticed Buisuez the pandemonium lord
 99445 | Zig:21   | Noticed Tiahimen the pandemonium lord
 99447 | Zig:21   | Noticed Civusmar the pandemonium lord
 99447 | Zig:21   | Killed Qedwej the pandemonium lord
 99447 | Zig:21   | Noticed Cuifus the pandemonium lord
 99449 | Zig:21   | Reached skill level 10 in Air Magic
 99449 | Zig:21   | Paralysed by you for 1 turns
 99449 | Zig:21   | Killed Ral Sua the pandemonium lord
 99450 | Zig:21   | Killed Buisuez the pandemonium lord
 99457 | Zig:21   | Killed Tiahimen the pandemonium lord
 99460 | Zig:21   | Killed Bitenal the pandemonium lord
 99461 | Zig:21   | Killed Ukhleony the pandemonium lord
 99464 | Zig:21   | Killed Poumerra the pandemonium lord
 99465 | Zig:21   | Killed Zisewo the pandemonium lord
 99465 | Zig:21   | Killed Cuifus the pandemonium lord
 99465 | Zig:21   | Killed Civusmar the pandemonium lord
 99514 | Zig:21   | Found the +7 mace of Variability {chaos, chaos arc}
 99544 | Zig:21   | Identified the ring "Saeto" {Fly rF- Dex+8 Slay-2}
 99547 | Zig:21   | Identified the +11 quarterstaff of Resourcefulness {freeze,
                  | rC+ Str+6}
 99550 | Zig:21   | Identified the ring "Paek" {+Blink rF+ AC+4 Int+4 Dex-4}
 99552 | Zig:21   | Identified the +6 demon blade "Riapliz" {vamp, rPois}
 99560 | Zig:21   | Identified the +2 scale mail of the Cockatrice {rC+ rN+}
 99563 | Zig:21   | Identified the +0 battleaxe of War {antimagic, rElec Int+5
                  | Dex-3}
 99579 | Zig:22   | Entered Level 22 of a ziggurat
 99624 | Zig:22   | Reached skill level 15 in Air Magic
 99662 | Zig:22   | Identified the ring "Winum" {*Slow rElec rC+++ Str+3 Dex+6}
 99664 | Zig:22   | Identified the +10 great mace of the Ass {drain, rF+ rN++
                  | Int+4 Dex-3}
 99665 | Zig:22   | Identified the +3 whip of Prudence {drain, Str+3 Stlth+}
 99668 | Zig:22   | Identified the +7 dagger of Ifaorhae {freeze, Str+2}
 99676 | Zig:22   | Identified the +9 whip of Kusirghe {flame, rElec rF- Int+2}
 99726 | Zig:23   | Entered Level 23 of a ziggurat
 99842 | Zig:23   | Identified the +12 quick blade of Yesterday {elec, rN+
                  | Int+3}
 99843 | Zig:23   | Identified the +7 battleaxe "Ciawo" {vamp, *Noise rF+++
                  | rC++ Dex-2}
 99845 | Zig:23   | Identified the +1 mace "Voull" {flame, Dex+5}
 99848 | Zig:23   | Identified the +0 rapier "Faomis" {freeze, +Blink rCorr
                  | Dex-2 SInv}
 99926 | Zig:24   | Entered Level 24 of a ziggurat
 99926 | Zig:24   | Received a gift from Nemelex Xobeh
 99961 | Zig:24   | Noticed a dread lich
 99967 | Zig:24   | Reached skill level 5 in Fire Magic
 99968 | Zig:24   | Killed a dread lich
100034 | Zig:24   | Identified the +6 flail of Currency {flame, rCorr Int+6}
100035 | Zig:24   | Identified the +4 arbalest of Past Mistakes {flame, Will+
                  | Str+3}
100086 | Zig:25   | Entered Level 25 of a ziggurat
100117 | Zig:25   | Noticed a dread lich
100118 | Zig:25   | Noticed an ancient lich
100122 | Zig:25   | Killed an ancient lich
100130 | Zig:25   | Killed a dread lich
100137 | Zig:25   | Noticed an ancient lich
100138 | Zig:25   | Noticed a dread lich
100142 | Zig:25   | Killed an ancient lich
100142 | Zig:25   | Noticed an ancient lich
100149 | Zig:25   | Killed a dread lich
100150 | Zig:25   | Reached skill level 10 in Fire Magic
100151 | Zig:25   | Killed an ancient lich
100175 | Zig:25   | Identified the +8 quarterstaff of Extinguishment {drain,
                  | rF+ rCorr SInv Stlth-}
100183 | Zig:25   | Identified the ring "Kouttir" {rN+ rCorr Int+2}
100243 | Zig:25   | Identified the staff of Gravity {rElec rPois Dex-2 Summ
                  | Air}
100248 | Zig:25   | Identified the ring "Hutuedgh" {rElec rPois rF+++ Will++
                  | Int-4}
100262 | Zig:25   | Identified the +5 great mace of Bour {speed, Will- MP+9
                  | Str+2 Int+3}
100407 | Zig:26   | Entered Level 26 of a ziggurat
100434 | Zig:26   | Noticed a royal mummy
100445 | Zig:26   | Noticed a royal mummy
100445 | Zig:26   | Noticed a royal mummy
100446 | Zig:26   | Noticed a royal mummy
100446 | Zig:26   | Noticed a royal mummy
100449 | Zig:26   | Noticed a royal mummy
100450 | Zig:26   | Noticed a royal mummy
100450 | Zig:26   | Noticed a royal mummy
100452 | Zig:26   | Noticed a royal mummy
100453 | Zig:26   | Killed a royal mummy
100457 | Zig:26   | Killed a royal mummy
100458 | Zig:26   | Noticed a royal mummy
100458 | Zig:26   | Noticed a royal mummy
100459 | Zig:26   | Killed a royal mummy
100459 | Zig:26   | Killed a royal mummy
100460 | Zig:26   | Killed a royal mummy
100463 | Zig:26   | Noticed a royal mummy
100465 | Zig:26   | Killed a royal mummy
100465 | Zig:26   | Killed a royal mummy
100466 | Zig:26   | Killed a royal mummy
100466 | Zig:26   | Killed a royal mummy
100467 | Zig:26   | Killed a royal mummy
100471 | Zig:26   | Killed a royal mummy
100473 | Zig:26   | Killed a royal mummy
100497 | Zig:26   | Identified the ring "Uwnecroo" {Fly rElec rC+ Dex+2}
100610 | Zig:26   | Identified the +0 leather armour of Dishonesty {rF- Int+2
                  | Dex+4}
100622 | Zig:26   | Identified the +0 scale mail of Cynicism {Stlth+}
100625 | Zig:26   | Identified the +7 hand axe "Kesaeh" {flame, rElec rC++ MP-9
                  | Int+3}
100721 | Zig:27   | Entered Level 27 of a ziggurat
100753 | Zig:27   | Received a gift from Nemelex Xobeh
100755 | Zig:27   | Reached skill level 15 in Fire Magic
100858 | Zig:27   | Identified the +7 halberd of Pestilence {flame, Str+5}
100872 | Zig:27   | Learned a level 8 spell: Ignition
100874 | Zig:27   | Identified the +6 glaive of Duty {heavy, Stlth+}
100878 | Zig:27   | Identified the +1 leather armour of Peuboado {Regen+ Int+3
                  | Stlth+}
100884 | Zig:27   | Identified the +1 sling of Drought {flame, Dex+2 Stlth+}
101168 | Lair:1   | Learned a level 6 spell: Plasma Beam
101342 | Pan      | Entered Pandemonium
101367 | Pan      | Found an exit through the horrors of the Abyss.
101529 | Pan      | Received a gift from Nemelex Xobeh
101573 | Pan      | Noticed Seming the pandemonium lord
101594 | Pan      | Killed Seming the pandemonium lord
101595 | Pan      | Reached skill level 5 in Evocations
101808 | Pan      | Received a gift from Nemelex Xobeh
102089 | Pan      | Received a gift from Nemelex Xobeh
102203 | Pan      | Found an exit through the horrors of the Abyss.
102603 | Pan      | Received a gift from Nemelex Xobeh
102789 | Depths:2 | Escaped Pandemonium
102796 | Pan      | Entered Pandemonium
103590 | Pan      | Received a gift from Nemelex Xobeh
103742 | Pan      | Found an exit through the horrors of the Abyss.
104174 | Depths:2 | Escaped Pandemonium
104176 | Pan      | Entered Pandemonium
104227 | Pan      | Identified the amulet of the Castellan {Spirit Dex+6}
104269 | Pan      | Noticed Lom Lobon
104287 | Pan      | Killed Lom Lobon
104534 | Pan      | Received a gift from Nemelex Xobeh
104773 | Pan      | Reached skill level 10 in Evocations
104823 | Pan      | Noticed Jekot the pandemonium lord
104838 | Pan      | Killed Jekot the pandemonium lord
105257 | Depths:2 | Escaped Pandemonium
105292 | Geh:1    | Entered Level 1 of Gehenna
105292 | Geh:1    | Received a gift from Nemelex Xobeh
106337 | Geh:4    | You fall into a shaft and drop 2 floors!
106458 | Geh:6    | Received a gift from Nemelex Xobeh
106734 | Geh:7    | Entered Level 7 of Gehenna
107036 | Geh:7    | Received a gift from Nemelex Xobeh
107618 | Geh:7    | Received a gift from Nemelex Xobeh
107999 | Geh:7    | Found the +13 sceptre of Asmodeus
107999 | Geh:7    | Noticed Asmodeus
108006 | Geh:7    | Found the +8 frozen axe "Frostbite" {freeze, freezing
                  | cloud, *Noise Fly rC+}
108016 | Geh:7    | Killed Asmodeus
108104 | Geh:7    | Got an obsidian rune of Zot
108155 | Geh:7    | Identified the +6 scale mail of Calculation {rPois Will-
                  | MP+9 Dex+6}
108614 | Coc:1    | Entered Level 1 of Cocytus
110700 | Coc:7    | Entered Level 7 of Cocytus
110700 | Coc:7    | Received a gift from Nemelex Xobeh
110703 | Coc:7    | Noticed a dread lich
110710 | Coc:7    | Paralysed by a dread lich for 5 turns
110721 | Coc:7    | Killed a dread lich
110722 | Coc:7    | Reached skill level 27 in Spellcasting
110952 | Coc:7    | Paralysed by a wendigo for 1 turns
111289 | Coc:7    | Paralysed by a wendigo for 1 turns
112018 | Coc:7    | Received a gift from Nemelex Xobeh
112139 | Coc:7    | Noticed Antaeus
112145 | Coc:7    | Killed Antaeus
112238 | Coc:7    | Got an icy rune of Zot
112760 | Dis:1    | Entered Level 1 of the Iron City of Dis
114296 | Dis:7    | Entered Level 7 of the Iron City of Dis
114551 | Dis:7    | Received a gift from Nemelex Xobeh
114681 | Dis:7    | Identified the ring "Ikiack" {rC+ Slay+4}
115254 | Dis:7    | Got the Folio of Viridian Command
115768 | Dis:7    | Noticed a juggernaut
115771 | Dis:7    | Killed a juggernaut
115836 | Dis:7    | Noticed a juggernaut
115841 | Dis:7    | Killed a juggernaut
115916 | Dis:7    | Noticed a juggernaut
115920 | Dis:7    | Killed a juggernaut
115973 | Dis:7    | Identified the +11 long sword of the Middle {flame, rElec
                  | rF- rN+ Dex+2}
115973 | Dis:7    | Identified the ring of Monotheism {Fire rPois Int+4 Dex+2}
116238 | Dis:7    | Received a gift from Nemelex Xobeh
116339 | Dis:7    | Identified the +7 flail of the Skies Above {protect, Dex+2}
116876 | Dis:7    | Noticed Dispater
116882 | Dis:7    | Killed Dispater
116886 | Dis:7    | Found the +3 greatsling "Punk" {acid, rCorr}
116909 | Dis:7    | Identified the ring of Uqeis {rElec rCorr Str+2 Int-5
                  | Dex+6}
116914 | Dis:7    | Got an iron rune of Zot
117199 | Tar:1    | Entered Level 1 of Tartarus
117566 | Tar:2    | Noticed an ancient lich
117570 | Tar:2    | Noticed a dread lich
117572 | Tar:2    | Noticed a royal mummy
117578 | Tar:2    | Killed an ancient lich
117579 | Tar:2    | Killed a dread lich
117582 | Tar:2    | Killed a royal mummy
117649 | Tar:2    | You fall into a shaft and drop 1 floor!
117788 | Tar:3    | we really shouldn't border the hells with all rock
118002 | Tar:3    | Received a gift from Nemelex Xobeh
118760 | Tar:5    | Received a gift from Nemelex Xobeh
119560 | Tar:7    | Entered Level 7 of Tartarus
119851 | Tar:7    | Noticed an ancient lich
119856 | Tar:7    | Killed an ancient lich
119916 | Tar:7    | Reached skill level 27 in Invocations
119952 | Tar:7    | Noticed a dread lich
119954 | Tar:7    | Noticed an ancient lich
119956 | Tar:7    | Killed a dread lich
119960 | Tar:7    | Killed an ancient lich
119990 | Tar:7    | Identified the +7 rapier of Calculation {spect, +Blink
                  | MP+9}
120017 | Tar:7    | Identified the +7 whip "Kakhli" {speed, Str+3}
120255 | Tar:7    | Received a gift from Nemelex Xobeh
120559 | Tar:7    | Found the +10 zealot's sword {holy, Zealotry, *Rage rN+
                  | EV+3}
120885 | Tar:7    | Identified the +9 flail "Noleobem" {flame, rElec}
120994 | Tar:7    | Received a gift from Nemelex Xobeh
121151 | Tar:7    | Noticed the Serpent of Hell
121157 | Tar:7    | Killed the Serpent of Hell
121414 | Tar:7    | Noticed Ereshkigal
121419 | Tar:7    | Killed Ereshkigal
121443 | Tar:7    | Got a bone rune of Zot
122147 | Snake:3  | Bought the +7 sceptre of Torment {pain, torment} for 2880
                  | gold pieces
122147 | Snake:3  | Found the +7 sceptre of Torment {pain, torment}
122149 | Snake:3  | Bought a scroll of fog for 140 gold pieces
122492 | D:1      | Bought a lightning rod (4/4) for 1000 gold pieces
122492 | D:1      | Bought a potion of heal wounds for 125 gold pieces
122492 | D:1      | Bought a potion of heal wounds for 125 gold pieces
122788 | Elf:2    | Bought a potion of curing for 48 gold pieces
122788 | Elf:2    | Bought a potion of heal wounds for 80 gold pieces
122788 | Elf:2    | Bought a potion of invisibility for 128 gold pieces
122788 | Elf:2    | Bought 2 scrolls of immolation for 128 gold pieces
122894 | D:10     | Bought a condenser vane for 520 gold pieces
123049 | Depths:2 | Bought a scroll of fear for 56 gold pieces
123049 | Depths:2 | Bought a scroll of fear for 56 gold pieces
123049 | Depths:2 | Bought a scroll of fear for 56 gold pieces
123049 | Depths:2 | Bought a scroll of poison for 56 gold pieces
123049 | Depths:2 | Bought a scroll of immolation for 56 gold pieces
123049 | Depths:2 | Bought a scroll of fog for 56 gold pieces
123049 | Depths:2 | Bought a scroll of poison for 56 gold pieces
125478 | Zig:1    | Entered Level 1 of a ziggurat
125478 | Zig:1    | Noticed an ancient lich
125482 | Zig:1    | Killed an ancient lich
125510 | Zig:2    | Entered Level 2 of a ziggurat
125535 | Zig:3    | Entered Level 3 of a ziggurat
125584 | Zig:4    | Entered Level 4 of a ziggurat
125641 | Zig:5    | Entered Level 5 of a ziggurat
125661 | Zig:5    | Identified the +3 rapier "Duusmuj" {venom, rC+ Int+3
                  | Stlth+}
125664 | Zig:5    | Identified the ring of Pilap {Fly Dex+3}
125677 | Zig:6    | Entered Level 6 of a ziggurat
125680 | Zig:6    | Noticed a dread lich
125680 | Zig:6    | Noticed a dread lich
125683 | Zig:6    | Killed a dread lich
125686 | Zig:6    | Killed a dread lich
125717 | Zig:7    | Entered Level 7 of a ziggurat
125751 | Zig:7    | Acquired 1090 gold pieces
125760 | Zig:7    | Identified the +2 shortbow of Harmony {speed, rElec Str+2
                  | Dex+2}
125764 | Zig:7    | Identified the +6 rapier "Peof" {elec, rElec}
125789 | Zig:8    | Entered Level 8 of a ziggurat
125811 | Zig:8    | Identified the +1 plate armour of Bitterness {Rampage
                  | Slay+6}
125828 | Zig:9    | Entered Level 9 of a ziggurat
125853 | Zig:9    | Identified the +9 short sword "Nuzo" {speed, rN+ Will+
                  | Int-2 SInv}
125857 | Zig:9    | Identified the +5 flail of Obiter Dictum {flame, rElec rF++
                  | Int+3}
125882 | Zig:10   | Entered Level 10 of a ziggurat
125887 | Zig:10   | Noticed a royal mummy
125890 | Zig:10   | Killed a royal mummy
125914 | Zig:10   | Identified the +5 shortbow "Tapn" {elec, +Blink Will++}
125925 | Zig:11   | Entered Level 11 of a ziggurat
126021 | Zig:12   | Entered Level 12 of a ziggurat
126026 | Zig:12   | Noticed a dread lich
126031 | Zig:12   | Killed a dread lich
126031 | Zig:12   | Noticed a dread lich
126041 | Zig:12   | Killed a dread lich
126107 | Zig:12   | Identified the +4 chain mail of Edoj {+Inv Regen+}
126177 | Zig:13   | Entered Level 13 of a ziggurat
126235 | Zig:13   | Identified the +3 flail "Roleirr" {antimagic, rCorr}
126242 | Zig:13   | Identified the +5 war axe of Wuice {freeze, rF++ SInv}
126249 | Zig:13   | Identified the ring of Lady Luck {rC+ Str+2 SInv}
126282 | Zig:14   | Entered Level 14 of a ziggurat
126302 | Zig:14   | Reached skill level 5 in Conjurations
126362 | Zig:14   | Identified the +1 kite shield of Riexin {rPois Will+ Regen+
                  | Dex-4}
126363 | Zig:14   | Received a gift from Nemelex Xobeh
126376 | Zig:14   | Identified the +5 scale mail "Ytook" {rF+}
126383 | Zig:14   | Identified the +8 demon whip of Corporal Punishment {drain,
                  | rF+}
126393 | Zig:14   | Identified the +8 long sword of Ravage {heavy, rF+}
126430 | Zig:15   | Entered Level 15 of a ziggurat
126499 | Zig:15   | Identified the +3 trident "Copturgh" {venom, Str+4}
126512 | Zig:15   | Identified the +8 quarterstaff "Ladd" {freeze, *Slow Str+2
                  | Int+6}
126513 | Zig:15   | Identified the +1 glaive of the Valley {antimagic, Str+3}
126529 | Zig:15   | Identified the +10 sling of Propriety {heavy, Str+4 Stlth+}
126576 | Zig:16   | Entered Level 16 of a ziggurat
126911 | Zig:16   | Identified the +0 robe "Oblabiy" {Rampage rF- rCorr}
126917 | Zig:16   | Identified the +1 leather armour of Famysod {rN+ Str+2
                  | Dex+3}
126937 | Zig:16   | Reached skill level 10 in Conjurations
126961 | Zig:17   | Entered Level 17 of a ziggurat
126968 | Zig:17   | Received a gift from Nemelex Xobeh
127050 | Zig:17   | Reached skill level 15 in Earth Magic
127058 | Zig:17   | Identified the +5 spear of Forgiveness {flame, Will+}
127069 | Zig:17   | Identified the +1 ring mail "Machom" {Str+3}
127074 | Zig:17   | Identified the +9 flail of Lebixto {venom, rF- rCorr Str+4
                  | Int+3}
127124 | Zig:18   | Entered Level 18 of a ziggurat
127240 | Zig:18   | Identified the +0 robe of the Soldier {-Tele Dex+2 Slay+2}
127247 | Zig:18   | Identified the staff "Moypyac" {rPois rCorr Str-3 Int+2
                  | Earth}
127254 | Zig:18   | Identified the +6 falchion "Gasireama" {heavy, rPois Str+3
                  | Int-3 SInv}
127321 | Zig:19   | Entered Level 19 of a ziggurat
127324 | Zig:19   | Received a gift from Nemelex Xobeh
127336 | Zig:19   | Noticed an ancient lich
127338 | Zig:19   | Noticed a dread lich
127338 | Zig:19   | Noticed an ancient lich
127339 | Zig:19   | Noticed a dread lich
127339 | Zig:19   | Noticed an ancient lich
127341 | Zig:19   | Killed an ancient lich
127342 | Zig:19   | Killed an ancient lich
127343 | Zig:19   | Killed a dread lich
127343 | Zig:19   | Killed an ancient lich
127343 | Zig:19   | Killed a dread lich
127462 | Zig:19   | Learned a level 5 spell: Silence
127473 | Zig:19   | Learned a level 9 spell: Shatter
127473 | Zig:19   | Identified the orb of Meuxo {light, rN+ Slay+3}
127475 | Zig:19   | Identified the ring of Lih Fide {rC+ rCorr}
127478 | Zig:19   | Identified the +4 great sword of Tartarus {pain, rF+ rC+
                  | Str+3}
127485 | Zig:19   | Identified the +0 robe of Dogma {rC+ rN+}
127487 | Zig:19   | Identified the +1 helmet of Eternity {-Tele Will+ MP+9
                  | Int+7}
127492 | Zig:19   | Identified the ring of Aplimof {Str+5 Dex+6}
127497 | Zig:19   | Identified the +3 ring mail of the Saviour {rN+ Str+2}
127567 | Zig:20   | Entered Level 20 of a ziggurat
127653 | Zig:20   | Identified the ring "Emneev" {Str+6 Int+2 SInv}
127662 | Zig:20   | Identified the +3 plate armour of Astink {rN+ Regen+ Str+3}
127678 | Zig:20   | Identified the ring "Wyqoh" {Fire Dex+6 Stlth+}
127747 | Zig:21   | Entered Level 21 of a ziggurat
127762 | Zig:21   | Noticed a juggernaut
127763 | Zig:21   | Noticed a juggernaut
127764 | Zig:21   | Noticed a juggernaut
127764 | Zig:21   | Noticed a juggernaut
127765 | Zig:21   | Noticed a juggernaut
127767 | Zig:21   | Killed a juggernaut
127768 | Zig:21   | Noticed a juggernaut
127768 | Zig:21   | Killed a juggernaut
127769 | Zig:21   | Noticed a juggernaut
127770 | Zig:21   | Killed a juggernaut
127770 | Zig:21   | Killed a juggernaut
127770 | Zig:21   | Killed a juggernaut
127770 | Zig:21   | Killed a juggernaut
127773 | Zig:21   | Killed a juggernaut
127900 | Zig:21   | Identified the +12 morningstar of the Warrior-Mage
                  | {protect, rF+ Will+ Str+2 Stlth-}
127901 | Zig:21   | Identified the staff of Doomed Guile {rElec Dex+7 Stlth-
                  | Fire Ice Air}
127914 | Zig:21   | Identified the staff of Royalism {rN+ Dex+2 Necro}
127916 | Zig:21   | Identified the +0 chain mail "Cefag" {rF+ Int+2}
127998 | Zig:22   | Entered Level 22 of a ziggurat
128007 | Zig:22   | Received a gift from Nemelex Xobeh
128013 | Zig:22   | Paralysed by an air elemental for 1 turns
128019 | Zig:22   | Reached skill level 10 in Stealth
128020 | Zig:22   | Found the +9 staff of Olgreb {rPois∞}
128098 | Zig:22   | Identified the ring "Liekiomn" {rElec rC- rCorr Int+6 SInv}
128101 | Zig:22   | Identified the +10 war axe "Mulom" {venom, rF+ Stlth+}
128103 | Zig:22   | Identified the +4 short sword of Inquiry {freeze, rN+ Str+2
                  | Int+2}
128204 | Zig:23   | Entered Level 23 of a ziggurat
128327 | Zig:23   | Found the +3 crown of Dyrovepreva {rElec Int+2 SInv}
128334 | Zig:23   | Found the +27 heavy crossbow "Sniper" {heavy, Acc+∞ SInv}
128404 | Zig:23   | Identified the amulet of Jiwuixan {Reflect Will+ MP+9 SH+5}
128407 | Zig:23   | Identified the +0 robe of the Monkey's Uncle {rElec rF-
                  | Int+3}
128416 | Zig:23   | Reached skill level 27 in Earth Magic
128430 | Zig:23   | Identified the ring "Deiqatto" {rN+++ Will- rCorr Dex-2
                  | SInv}
128432 | Zig:23   | Identified the +6 chain mail "Cunuromp" {rF- Slay+2 Stlth+}
128439 | Zig:23   | Identified the staff "Ficrepna" {rF+ Conj Alchemy}
128446 | Zig:24   | Entered Level 24 of a ziggurat
128471 | Zig:24   | Noticed a juggernaut
128472 | Zig:24   | Noticed a juggernaut
128472 | Zig:24   | Found the +2 hat of the Bear Spirit {Spirit, Bear, *Rage
                  | Will++}
128475 | Zig:24   | Killed a juggernaut
128476 | Zig:24   | Received a gift from Nemelex Xobeh
128487 | Zig:24   | Killed a juggernaut
128627 | Zig:24   | Identified the +3 flail of Yeast {protect, rN+ Dex+2}
128628 | Zig:24   | Identified the -2 buckler "Muepsoon" {rN++ Will- Stlth+}
128634 | Zig:24   | Identified the staff of Disarray {rElec Conj Alchemy}
128714 | Zig:25   | Entered Level 25 of a ziggurat
128756 | Zig:25   | Noticed a dread lich
128758 | Zig:25   | Killed a dread lich
128862 | Zig:25   | Found the +15 Maxwell's patent armour {-Cast -Tele rElec
                  | Will+ rCorr}
128866 | Zig:25   | Identified the staff of Spite {rElec Int+5 Dex-4 Air
                  | Alchemy}
128876 | Zig:25   | Identified the +5 mace "Ahemolu" {holy, rPois rC++ Str+2
                  | SInv Stlth-}
128881 | Zig:25   | Identified the ring "Mebadgha" {Wiz Str+3}
128888 | Zig:25   | Identified the +1 ring mail of the Known World {rElec rF-
                  | Will+ Int+3}
128891 | Zig:25   | Identified the amulet "Qorurph" {Regen+ Dex+2 SInv}
128894 | Zig:25   | Acquired 910 gold pieces
129019 | Zig:26   | Entered Level 26 of a ziggurat
129158 | Zig:26   | Found the amulet of the Air {Inacc Air Fly rElec RMsl}
129201 | Zig:26   | Identified the +0 scale mail of the Realm of Zot {+Inv
                  | rCorr Str-2}
129202 | Zig:26   | Identified the +7 mace "Luuxetyx" {flame, Will- Str+2 Dex+4
                  | SInv}
129203 | Zig:26   | Identified the ring of a Hundred Demons {rN++ Will+}
129205 | Zig:26   | Identified the +4 kite shield of Decompression {rF+ rC++
                  | Slay+5 Stlth-}
129212 | Zig:26   | Identified the +2 ring mail "Eczaov" {+Inv rPois SInv}
129217 | Zig:26   | Identified the ring of Learr {rC+ rCorr Int+3}
129219 | Zig:26   | Identified the amulet "Enavar" {Faith -Cast Harm *Slow
                  | rCorr}
129222 | Zig:26   | Identified the ring of the Thoughtful Beasts {rF+ Dex+6}
129228 | Zig:26   | Identified the ring of Oqeewnod {^Contam rC+ Will+ SInv}
129333 | Zig:26   | Received a gift from Nemelex Xobeh
129380 | Zig:27   | Entered Level 27 of a ziggurat
129399 | Zig:27   | Noticed Emoygiq the pandemonium lord
129401 | Zig:27   | Noticed Wuilimyrche the pandemonium lord
129401 | Zig:27   | Noticed Moalol the pandemonium lord
129401 | Zig:27   | Noticed Lem Wunt the pandemonium lord
129405 | Zig:27   | Noticed Hymeguq the pandemonium lord
129405 | Zig:27   | Noticed Anieres the pandemonium lord
129405 | Zig:27   | Noticed Toduzol the pandemonium lord
129405 | Zig:27   | Noticed Juecel the pandemonium lord
129405 | Zig:27   | Noticed Zytushryz the pandemonium lord
129406 | Zig:27   | Killed Emoygiq the pandemonium lord
129407 | Zig:27   | Noticed Puruxupt the pandemonium lord
129407 | Zig:27   | Killed Lem Wunt the pandemonium lord
129407 | Zig:27   | Noticed Lorphooc the pandemonium lord
129409 | Zig:27   | Killed Zytushryz the pandemonium lord
129409 | Zig:27   | Noticed Uqevuso the pandemonium lord
129410 | Zig:27   | Killed Wuilimyrche the pandemonium lord
129412 | Zig:27   | Killed Puruxupt the pandemonium lord
129413 | Zig:27   | Killed Anieres the pandemonium lord
129414 | Zig:27   | Noticed Kashrah the pandemonium lord
129416 | Zig:27   | Killed Uqevuso the pandemonium lord
129417 | Zig:27   | Killed Hymeguq the pandemonium lord
129417 | Zig:27   | Killed Moalol the pandemonium lord
129418 | Zig:27   | Noticed Sodurotiuby the pandemonium lord
129418 | Zig:27   | Noticed Odwuch the pandemonium lord
129418 | Zig:27   | Noticed Ladagov the pandemonium lord
129419 | Zig:27   | Noticed Yfritieh the pandemonium lord
129419 | Zig:27   | Noticed Zaetuh the pandemonium lord
129420 | Zig:27   | Noticed Eniddidwy the pandemonium lord
129420 | Zig:27   | Noticed Paithrige the pandemonium lord
129421 | Zig:27   | Noticed Aguef the pandemonium lord
129421 | Zig:27   | Noticed Fiqemam the pandemonium lord
129422 | Zig:27   | Noticed Weclun the pandemonium lord
129422 | Zig:27   | Noticed Ruidam the pandemonium lord
129425 | Zig:27   | Killed Zaetuh the pandemonium lord
129431 | Zig:27   | Killed Toduzol the pandemonium lord
129484 | Zig:27   | Noticed Egewk the pandemonium lord
129489 | Zig:27   | Noticed Qisoec the pandemonium lord
129492 | Zig:27   | Found the macabre finger necklace {Finger+ rN+}
129496 | Zig:27   | Noticed Vuod the pandemonium lord
129498 | Zig:27   | Reached skill level 27 in Dodging
129498 | Zig:27   | Killed Juecel the pandemonium lord
129498 | Zig:27   | Killed Weclun the pandemonium lord
129498 | Zig:27   | Killed Yfritieh the pandemonium lord
129499 | Zig:27   | Killed Fiqemam the pandemonium lord
129499 | Zig:27   | Killed Qisoec the pandemonium lord
129504 | Zig:27   | Killed Ladagov the pandemonium lord
129508 | Zig:27   | Killed Paithrige the pandemonium lord
129509 | Zig:27   | Reached skill level 15 in Evocations
129509 | Zig:27   | Killed Vuod the pandemonium lord
129512 | Zig:27   | Killed Odwuch the pandemonium lord
129514 | Zig:27   | Killed Eniddidwy the pandemonium lord
129516 | Zig:27   | Killed Lorphooc the pandemonium lord
129600 | Zig:27   | Killed Ruidam the pandemonium lord
129602 | Zig:27   | Killed Egewk the pandemonium lord
129609 | Zig:27   | Killed Sodurotiuby the pandemonium lord
129622 | Zig:27   | Killed Kashrah the pandemonium lord
129625 | Zig:27   | Killed Aguef the pandemonium lord
129750 | Zig:27   | Identified the ring "Xeojaf" {rF+ EV+5 Int+3 Slay-6}
129751 | Zig:27   | Identified the staff of the Crawling Thing {rC+ Str+2 Int+3
                  | Dex+3 Ice}
129760 | Zig:27   | Identified the +10 arbalest of Qoibledu {freeze, MP-9 Str+4
                  | Int+2}
129764 | Zig:27   | Identified the staff "Xosoj" {rPois rF+ Int+3 Fire}
130067 | Zig:1    | Entered Level 1 of a ziggurat
130068 | Zig:1    | Noticed an ancient lich
130071 | Zig:1    | Killed an ancient lich
130105 | Zig:2    | Entered Level 2 of a ziggurat
130148 | Zig:3    | Entered Level 3 of a ziggurat
130182 | Zig:4    | Entered Level 4 of a ziggurat
130186 | Zig:4    | Reached skill level 10 in Throwing
130187 | Zig:4    | Found the +8 storm bow {elec, penet}
130217 | Zig:5    | Entered Level 5 of a ziggurat
130258 | Zig:6    | Entered Level 6 of a ziggurat
130263 | Zig:6    | Noticed Poont the pandemonium lord
130267 | Zig:6    | Found the +12 glaive of Prune {freeze, Prune}
130268 | Zig:6    | Killed Poont the pandemonium lord
130273 | Zig:6    | Identified the staff of Adverse Possession {rC+ rCorr Dex-2
                  | SInv Ice}
130301 | Zig:7    | Entered Level 7 of a ziggurat
130306 | Zig:7    | Noticed an ancient lich
130312 | Zig:7    | Killed an ancient lich
130322 | Zig:7    | Identified the ring "Turimpoe" {rF+ AC+4}
130344 | Zig:8    | Entered Level 8 of a ziggurat
130345 | Zig:8    | Received a gift from Nemelex Xobeh
130372 | Zig:8    | Identified the orb of the Skiapode {*channel, Earth}
130412 | Zig:9    | Entered Level 9 of a ziggurat
130429 | Zig:9    | Reached skill level 15 in Throwing
130460 | Zig:9    | Identified the +1 ring mail of Theory {rPois Str+3 Slay-4}
130490 | Zig:10   | Entered Level 10 of a ziggurat
130575 | Zig:11   | Entered Level 11 of a ziggurat
130585 | Zig:11   | Noticed an ancient lich
130586 | Zig:11   | Noticed a dread lich
130586 | Zig:11   | Noticed an ancient lich
130586 | Zig:11   | Noticed a dread lich
130587 | Zig:11   | Noticed a dread lich
130587 | Zig:11   | Killed a dread lich
130588 | Zig:11   | Killed an ancient lich
130588 | Zig:11   | Killed a dread lich
130588 | Zig:11   | Killed a dread lich
130588 | Zig:11   | Killed an ancient lich
130634 | Zig:11   | Identified the amulet "Xyuseubb" {RegenMP Slay+2}
130645 | Zig:11   | Identified the ring of Qietsoic {rElec AC+4 Str+8 Int-5}
130667 | Zig:12   | Entered Level 12 of a ziggurat
130676 | Zig:12   | Noticed an ancient lich
130676 | Zig:12   | Noticed an ancient lich
130681 | Zig:12   | Killed an ancient lich
130681 | Zig:12   | Killed an ancient lich
130688 | Zig:12   | Identified the +10 shadow dragon scales of the Thinker
                  | {Rampage rC+ Stlth++++}
130694 | Zig:12   | Identified the amulet "Pyane" {RegenMP rF- Str+6 Dex+2}
130717 | Zig:12   | Got the Teachings on Misery and the Lungs
130730 | Zig:13   | Entered Level 13 of a ziggurat
130740 | Zig:13   | Found the +8 lance "Wyrmbane" {slay drac, rPois rF+ rC+
                  | AC+3}
130783 | Zig:13   | Identified the +4 dagger "Mecys" {holy, rPois Str+2 Int+2}
130788 | Zig:13   | Identified the +8 whip of Honour {distort, *Rage Fly rPois
                  | Str+2 SInv}
130811 | Zig:14   | Entered Level 14 of a ziggurat
130819 | Zig:14   | Noticed Ragyof the pandemonium lord
130819 | Zig:14   | Noticed Ebaoc the pandemonium lord
130820 | Zig:14   | Noticed Epeguguk the pandemonium lord
130820 | Zig:14   | Noticed Viume the pandemonium lord
130820 | Zig:14   | Noticed Neuty the pandemonium lord
130822 | Zig:14   | Noticed Quloqes the pandemonium lord
130823 | Zig:14   | Killed Ebaoc the pandemonium lord
130823 | Zig:14   | Killed Quloqes the pandemonium lord
130824 | Zig:14   | Noticed Ages the pandemonium lord
130824 | Zig:14   | Killed Neuty the pandemonium lord
130825 | Zig:14   | Reached skill level 15 in Conjurations
130826 | Zig:14   | Killed Ages the pandemonium lord
130826 | Zig:14   | Killed Ragyof the pandemonium lord
130828 | Zig:14   | Killed Epeguguk the pandemonium lord
130839 | Zig:14   | Killed Viume the pandemonium lord
130847 | Zig:14   | Identified the ring "Fieveis" {rElec rC+ MP+9 Slay-4}
130850 | Zig:14   | Identified the ring "Buhuryt" {Fire Will+ Str-4 Int+2 SInv}
130856 | Zig:14   | Identified the +0 robe of Weribru {Int+8}
130860 | Zig:14   | Identified the +10 great sword "Viph" {flame, Fly rF++
                  | Dex+3}
130915 | Zig:15   | Entered Level 15 of a ziggurat
130978 | Zig:16   | Entered Level 16 of a ziggurat
130982 | Zig:16   | Noticed a royal mummy
130982 | Zig:16   | Noticed a royal mummy
130983 | Zig:16   | Noticed a royal mummy
130984 | Zig:16   | Noticed a royal mummy
130984 | Zig:16   | Noticed a royal mummy
130985 | Zig:16   | Noticed a royal mummy
130985 | Zig:16   | Noticed a royal mummy
130985 | Zig:16   | Noticed a royal mummy
130985 | Zig:16   | Noticed a royal mummy
130987 | Zig:16   | Killed a royal mummy
130987 | Zig:16   | Killed a royal mummy
130987 | Zig:16   | Killed a royal mummy
130987 | Zig:16   | Killed a royal mummy
130988 | Zig:16   | Killed a royal mummy
130988 | Zig:16   | Killed a royal mummy
130988 | Zig:16   | Killed a royal mummy
130990 | Zig:16   | Noticed a royal mummy
130990 | Zig:16   | Killed a royal mummy
130991 | Zig:16   | Killed a royal mummy
130991 | Zig:16   | Killed a royal mummy
130992 | Zig:16   | Received a gift from Nemelex Xobeh
131013 | Zig:16   | Identified the +2 sling of Cheibriados's Regard {heavy,
                  | rPois Int-4 Dex+3}
131017 | Zig:16   | Identified the +3 glaive "Iffaov" {speed, +Blink rN+
                  | Stlth+}
131021 | Zig:16   | Identified the +4 quarterstaff of Uliyfoon {venom, Int+6
                  | Stlth+}
131031 | Zig:16   | Identified the +5 halberd "Embalmer" {venom, Dex+4}
131055 | Zig:16   | Identified the +10 bardiche "Jatini Rotyc" {speed, Str+5
                  | SInv}
131078 | Zig:17   | Entered Level 17 of a ziggurat
131085 | Zig:17   | Noticed a royal mummy
131086 | Zig:17   | Noticed a royal mummy
131086 | Zig:17   | Noticed a royal mummy
131086 | Zig:17   | Noticed a royal mummy
131086 | Zig:17   | Noticed a royal mummy
131087 | Zig:17   | Killed a royal mummy
131087 | Zig:17   | Killed a royal mummy
131087 | Zig:17   | Killed a royal mummy
131087 | Zig:17   | Noticed a royal mummy
131088 | Zig:17   | Noticed a royal mummy
131088 | Zig:17   | Noticed a royal mummy
131088 | Zig:17   | Noticed a royal mummy
131089 | Zig:17   | Killed a royal mummy
131089 | Zig:17   | Killed a royal mummy
131090 | Zig:17   | Noticed a royal mummy
131090 | Zig:17   | Killed a royal mummy
131090 | Zig:17   | Killed a royal mummy
131092 | Zig:17   | Killed a royal mummy
131092 | Zig:17   | Killed a royal mummy
131092 | Zig:17   | Killed a royal mummy
131155 | Zig:18   | Entered Level 18 of a ziggurat
131172 | Zig:18   | Found the necklace of Bloodlust {Fury *Rage Will++ Int-3
                  | Slay+6}
131188 | Zig:18   | Identified the death talisman of Untruth {Str+3 Int+2
                  | Slay-5}
131192 | Zig:18   | Identified the +1 ring mail of Osmaczui {rC+ rN+}
131206 | Zig:18   | Identified the +1 leather armour of Qejeynup {rN++ Int+4
                  | Dex-2}
131212 | Zig:18   | Identified the +3 quarterstaff "Fowo" {flame, +Blink}
131213 | Zig:18   | Identified the +6 spear of Devuvvuh {vamp, Str+4}
131219 | Zig:18   | Identified the +1 robe of the Candlemaker {Will+ Dex+3}
131225 | Zig:18   | Identified the +3 ring mail "Acvyhynk" {Int+3}
131237 | Zig:19   | Entered Level 19 of a ziggurat
131240 | Zig:19   | Noticed a royal mummy
131240 | Zig:19   | Noticed a royal mummy
131240 | Zig:19   | Noticed a royal mummy
131242 | Zig:19   | Noticed a royal mummy
131242 | Zig:19   | Noticed a royal mummy
131242 | Zig:19   | Noticed a royal mummy
131243 | Zig:19   | Noticed a royal mummy
131243 | Zig:19   | Noticed a royal mummy
131243 | Zig:19   | Noticed a royal mummy
131243 | Zig:19   | Noticed a royal mummy
131243 | Zig:19   | Noticed a royal mummy
131243 | Zig:19   | Noticed a royal mummy
131244 | Zig:19   | Killed a royal mummy
131244 | Zig:19   | Killed a royal mummy
131244 | Zig:19   | Killed a royal mummy
131244 | Zig:19   | Killed a royal mummy
131244 | Zig:19   | Killed a royal mummy
131244 | Zig:19   | Killed a royal mummy
131244 | Zig:19   | Noticed a royal mummy
131245 | Zig:19   | Noticed a royal mummy
131245 | Zig:19   | Noticed a royal mummy
131245 | Zig:19   | Killed a royal mummy
131245 | Zig:19   | Killed a royal mummy
131245 | Zig:19   | Noticed a royal mummy
131246 | Zig:19   | Killed a royal mummy
131246 | Zig:19   | Noticed a royal mummy
131247 | Zig:19   | Killed a royal mummy
131247 | Zig:19   | Killed a royal mummy
131247 | Zig:19   | Killed a royal mummy
131247 | Zig:19   | Killed a royal mummy
131249 | Zig:19   | Killed a royal mummy
131249 | Zig:19   | Killed a royal mummy
131249 | Zig:19   | Killed a royal mummy
131251 | Zig:19   | Killed a royal mummy
131259 | Zig:19   | Identified the ring of Awe {Fly rElec rPois Str+6 Slay-3}
131290 | Zig:19   | Identified the +6 fire dragon scales of Red Intercession
                  | {rF++ rC- Dex+2}
131294 | Zig:19   | Identified the staff of the People {rF+ Str+2 Fire}
131306 | Zig:20   | Entered Level 20 of a ziggurat
131314 | Zig:20   | Noticed Mojoaz's ghost (legendary GrFi)
131314 | Zig:20   | Noticed Mojoaz's ghost (legendary GrFi)
131314 | Zig:20   | Noticed Mojoaz's ghost (legendary GrFi)
131315 | Zig:20   | Noticed Mojoaz's ghost (legendary GrFi)
131315 | Zig:20   | Noticed Mojoaz's ghost (legendary GrFi)
131316 | Zig:20   | Noticed Mojoaz's ghost (legendary GrFi)
131316 | Zig:20   | Noticed Mojoaz's ghost (legendary GrFi)
131316 | Zig:20   | Noticed Mojoaz's ghost (legendary GrFi)
131316 | Zig:20   | Noticed Mojoaz's ghost (legendary GrFi)
131316 | Zig:20   | Noticed Mojoaz's ghost (legendary GrFi)
131316 | Zig:20   | Noticed Mojoaz's ghost (legendary GrFi)
131317 | Zig:20   | Noticed Mojoaz's ghost (legendary GrFi)
131317 | Zig:20   | Noticed Mojoaz's ghost (legendary GrFi)
131317 | Zig:20   | Noticed Mojoaz's ghost (legendary GrFi)
131317 | Zig:20   | Noticed Mojoaz's ghost (legendary GrFi)
131319 | Zig:20   | Noticed Mojoaz's ghost (legendary GrFi)
131319 | Zig:20   | Noticed Mojoaz's ghost (legendary GrFi)
131323 | Zig:20   | Found the ring of Shadows {Umbra +Inv Stlth+}
131327 | Zig:20   | Killed Mojoaz's ghost
131329 | Zig:20   | Killed Mojoaz's ghost
131330 | Zig:20   | Killed Mojoaz's ghost
131341 | Zig:20   | Killed Mojoaz's ghost
131354 | Zig:20   | Killed Mojoaz's ghost
131355 | Zig:20   | Killed Mojoaz's ghost
131355 | Zig:20   | Killed Mojoaz's ghost
131356 | Zig:20   | Killed Mojoaz's ghost
131356 | Zig:20   | Killed Mojoaz's ghost
131357 | Zig:20   | Killed Mojoaz's ghost
131357 | Zig:20   | Killed Mojoaz's ghost
131358 | Zig:20   | Killed Mojoaz's ghost
131358 | Zig:20   | Killed Mojoaz's ghost
131359 | Zig:20   | Killed Mojoaz's ghost
131359 | Zig:20   | Killed Mojoaz's ghost
131364 | Zig:20   | Killed Mojoaz's ghost
131371 | Zig:20   | Killed Mojoaz's ghost
131386 | Zig:20   | Identified the +9 great sword of the Endless March {freeze,
                  | Str+2 SInv}
131387 | Zig:20   | Identified the ring of Suspicion {Fly rPois Slay+4}
131390 | Zig:20   | Identified the +1 helmet "Merch" {Will+ Regen+ Int+4}
131406 | Zig:20   | Identified the +5 whip of Ysube {freeze, rPois}
131416 | Zig:20   | Identified the +3 morningstar of Fulism Befo {flame, *Slow
                  | Will++ rCorr}
131443 | Zig:20   | Identified the +6 halberd of the Tent {venom, rC- rN++
                  | Str-5 Int+10}
131487 | Zig:21   | Entered Level 21 of a ziggurat
131570 | Zig:21   | Identified the +3 rapier of Borolep {protect, rCorr Str+3
                  | Int-3}
131583 | Zig:21   | Identified the +5 double sword "Vead" {drain, Str+3}
131591 | Zig:21   | Identified the +1 mace "Nugoonuq" {speed, rElec rC- SInv}
131595 | Zig:21   | Identified the +3 morningstar of Ohimpoto {venom, rF+ rN+
                  | rCorr Int-3}
131598 | Zig:21   | Identified the +9 quarterstaff of Famine {heavy, rN+ Int+2}
131599 | Zig:21   | Identified the +8 dire flail of Eternal Vigilance {flame,
                  | rElec Will+ Int+6 Dex-3}
131629 | Zig:22   | Entered Level 22 of a ziggurat
131732 | Zig:22   | Identified the +3 short sword "Cihiamnu" {speed, rElec}
131769 | Zig:23   | Entered Level 23 of a ziggurat
131770 | Zig:23   | Noticed a dread lich
131772 | Zig:23   | Killed a dread lich
131773 | Zig:23   | Reached skill level 27 in Throwing
131787 | Zig:23   | Noticed a dread lich
131787 | Zig:23   | Noticed a dread lich
131794 | Zig:23   | Noticed a dread lich
131794 | Zig:23   | Noticed a dread lich
131794 | Zig:23   | Noticed an ancient lich
131796 | Zig:23   | Killed a dread lich
131796 | Zig:23   | Killed a dread lich
131796 | Zig:23   | Noticed an ancient lich
131797 | Zig:23   | Killed a dread lich
131797 | Zig:23   | Killed an ancient lich
131797 | Zig:23   | Noticed an ancient lich
131797 | Zig:23   | Killed an ancient lich
131798 | Zig:23   | Killed a dread lich
131800 | Zig:23   | Noticed an ancient lich
131804 | Zig:23   | Killed an ancient lich
131812 | Zig:23   | Noticed an ancient lich
131813 | Zig:23   | Killed an ancient lich
131818 | Zig:23   | Noticed a dread lich
131822 | Zig:23   | Killed an ancient lich
131832 | Zig:23   | Killed a dread lich
131833 | Zig:23   | Killed an ancient lich
132013 | Zig:23   | Acquired 536 gold pieces
132015 | Zig:23   | Acquired 860 gold pieces
132025 | Zig:24   | Entered Level 24 of a ziggurat
132028 | Zig:24   | Received a gift from Nemelex Xobeh
132034 | Zig:24   | Noticed Pajo the pandemonium lord
132034 | Zig:24   | Noticed Funa the pandemonium lord
132034 | Zig:24   | Noticed Ynunnufisy the pandemonium lord
132034 | Zig:24   | Noticed Wateam the pandemonium lord
132035 | Zig:24   | Noticed Erap the pandemonium lord
132035 | Zig:24   | Noticed Aci Rupa the pandemonium lord
132036 | Zig:24   | Noticed Cuasot the pandemonium lord
132036 | Zig:24   | Noticed Goacli the pandemonium lord
132036 | Zig:24   | Noticed Jaerch the pandemonium lord
132036 | Zig:24   | Noticed Vilo the pandemonium lord
132036 | Zig:24   | Noticed Fennoucw the pandemonium lord
132036 | Zig:24   | Noticed Sivuju the pandemonium lord
132036 | Zig:24   | Noticed Xisudd the pandemonium lord
132036 | Zig:24   | Noticed Nufo the pandemonium lord
132036 | Zig:24   | Noticed Jeidouny the pandemonium lord
132037 | Zig:24   | Noticed Wucoeg the pandemonium lord
132038 | Zig:24   | Noticed Tygy Jes the pandemonium lord
132038 | Zig:24   | Killed Funa the pandemonium lord
132039 | Zig:24   | Noticed Hywogreh the pandemonium lord
132039 | Zig:24   | Killed Xisudd the pandemonium lord
132039 | Zig:24   | Noticed Usilox the pandemonium lord
132040 | Zig:24   | Noticed Yvvuasm the pandemonium lord
132040 | Zig:24   | Killed Aci Rupa the pandemonium lord
132040 | Zig:24   | Killed Goacli the pandemonium lord
132040 | Zig:24   | Killed Jaerch the pandemonium lord
132040 | Zig:24   | Killed Erap the pandemonium lord
132040 | Zig:24   | Killed Jeidouny the pandemonium lord
132040 | Zig:24   | Killed Ynunnufisy the pandemonium lord
132040 | Zig:24   | Killed Nufo the pandemonium lord
132040 | Zig:24   | Killed Pajo the pandemonium lord
132040 | Zig:24   | Killed Fennoucw the pandemonium lord
132040 | Zig:24   | Killed Sivuju the pandemonium lord
132041 | Zig:24   | Noticed Anyhiy the pandemonium lord
132041 | Zig:24   | Noticed Bobigru Wuup the pandemonium lord
132042 | Zig:24   | Noticed Igua the pandemonium lord
132042 | Zig:24   | Noticed Tijan the pandemonium lord
132042 | Zig:24   | Noticed Ecseeg the pandemonium lord
132042 | Zig:24   | Noticed Fafratya the pandemonium lord
132042 | Zig:24   | Noticed Naleekez the pandemonium lord
132042 | Zig:24   | Killed Yvvuasm the pandemonium lord
132043 | Zig:24   | Killed Tijan the pandemonium lord
132043 | Zig:24   | Killed Igua the pandemonium lord
132043 | Zig:24   | Killed Vilo the pandemonium lord
132043 | Zig:24   | Killed Hywogreh the pandemonium lord
132044 | Zig:24   | Found the +3 pair of seven-league boots {Rampage+∞}
132044 | Zig:24   | Killed Tygy Jes the pandemonium lord
132044 | Zig:24   | Killed Wucoeg the pandemonium lord
132044 | Zig:24   | Killed Anyhiy the pandemonium lord
132045 | Zig:24   | Killed Fafratya the pandemonium lord
132045 | Zig:24   | Killed Usilox the pandemonium lord
132047 | Zig:24   | Killed Wateam the pandemonium lord
132047 | Zig:24   | Killed Bobigru Wuup the pandemonium lord
132049 | Zig:24   | Killed Naleekez the pandemonium lord
132049 | Zig:24   | Killed Ecseeg the pandemonium lord
132052 | Zig:24   | Killed Cuasot the pandemonium lord
132053 | Zig:24   | Reached skill level 27 in Conjurations
132072 | Zig:24   | Identified the amulet of Weipp {Faith rF+ rC+ Will+ Int+2}
132163 | Zig:24   | Identified the +0 ring mail of Achocis {rF- Regen+ Dex+8
                  | SInv}
132222 | Zig:25   | Entered Level 25 of a ziggurat
132228 | Zig:25   | Noticed a royal mummy
132228 | Zig:25   | Noticed a royal mummy
132228 | Zig:25   | Noticed a royal mummy
132228 | Zig:25   | Noticed a royal mummy
132229 | Zig:25   | Noticed a royal mummy
132229 | Zig:25   | Noticed a royal mummy
132229 | Zig:25   | Noticed a royal mummy
132230 | Zig:25   | Noticed a royal mummy
132231 | Zig:25   | Killed a royal mummy
132231 | Zig:25   | Killed a royal mummy
132231 | Zig:25   | Killed a royal mummy
132231 | Zig:25   | Killed a royal mummy
132233 | Zig:25   | Noticed a royal mummy
132234 | Zig:25   | Noticed a royal mummy
132234 | Zig:25   | Noticed a royal mummy
132234 | Zig:25   | Noticed a royal mummy
132234 | Zig:25   | Noticed a royal mummy
132234 | Zig:25   | Noticed a royal mummy
132234 | Zig:25   | Killed a royal mummy
132235 | Zig:25   | Killed a royal mummy
132235 | Zig:25   | Killed a royal mummy
132235 | Zig:25   | Killed a royal mummy
132235 | Zig:25   | Killed a royal mummy
132235 | Zig:25   | Killed a royal mummy
132235 | Zig:25   | Noticed a royal mummy
132235 | Zig:25   | Noticed a royal mummy
132235 | Zig:25   | Killed a royal mummy
132237 | Zig:25   | Killed a royal mummy
132238 | Zig:25   | Killed a royal mummy
132238 | Zig:25   | Killed a royal mummy
132238 | Zig:25   | Killed a royal mummy
132240 | Zig:25   | Killed a royal mummy
132241 | Zig:25   | Found the +4 consecrated labrys {holy, Valiant ^Fragile Fly
                  | SInv}
132255 | Zig:25   | Identified the +5 quarterstaff of the Final Decision
                  | {freeze, Fly Will+ Int+2}
132306 | Zig:25   | Identified the +5 trident of Yhiel {flame, rF+++ rCorr MP-9
                  | Str+3}
132339 | Zig:26   | Entered Level 26 of a ziggurat
132354 | Zig:26   | Found the +8 Wrath of Trog {antimagic, *Rage Rampage}
132355 | Zig:26   | Found the ring of the Tortoise {AC+8}
132358 | Zig:26   | Found the +11 plutonium sword {^Contam Stlth-}
132411 | Zig:26   | Identified the ring of Mahurif {Ice Str+4}
132414 | Zig:26   | Identified the +2 lajatang of Hovau {pain, rElec Dex+4
                  | SInv}
132419 | Zig:26   | Identified the ring "Ullacoz" {Wiz Str+2 Stlth+}
132449 | Zig:26   | Identified the staff "Pexepn" {rPois rF+ Str-3 Tloc Fire
                  | Earth}
132452 | Zig:26   | Identified the +3 spear of Vanity {elec, +Blink rF+ Will-
                  | Dex+3}
132503 | Zig:27   | Entered Level 27 of a ziggurat
132510 | Zig:27   | Noticed a dread lich
132510 | Zig:27   | Noticed a dread lich
132510 | Zig:27   | Noticed a dread lich
132510 | Zig:27   | Noticed a dread lich
132510 | Zig:27   | Noticed a dread lich
132511 | Zig:27   | Noticed a dread lich
132511 | Zig:27   | Noticed a dread lich
132511 | Zig:27   | Noticed a dread lich
132511 | Zig:27   | Noticed an ancient lich
132512 | Zig:27   | Killed a dread lich
132513 | Zig:27   | Noticed a dread lich
132513 | Zig:27   | Noticed a dread lich
132513 | Zig:27   | Noticed a dread lich
132513 | Zig:27   | Noticed a dread lich
132513 | Zig:27   | Noticed a dread lich
132513 | Zig:27   | Noticed an ancient lich
132513 | Zig:27   | Killed a dread lich
132513 | Zig:27   | Noticed an ancient lich
132513 | Zig:27   | Noticed an ancient lich
132513 | Zig:27   | Killed a dread lich
132514 | Zig:27   | Killed a dread lich
132514 | Zig:27   | Killed a dread lich
132514 | Zig:27   | Killed a dread lich
132514 | Zig:27   | Killed a dread lich
132516 | Zig:27   | Killed a dread lich
132516 | Zig:27   | Killed a dread lich
132517 | Zig:27   | Killed a dread lich
132517 | Zig:27   | Killed a dread lich
132517 | Zig:27   | Killed an ancient lich
132517 | Zig:27   | Killed a dread lich
132517 | Zig:27   | Killed an ancient lich
132518 | Zig:27   | Killed an ancient lich
132519 | Zig:27   | Killed an ancient lich
132520 | Zig:27   | Killed a dread lich
132579 | Zig:27   | Identified the +2 dagger "Akide" {drain, rCorr Str+2}
132599 | Zig:27   | Identified the +6 longbow of Serudora {drain, +Blink rF+
                  | MP-9}
132608 | Zig:27   | Identified the amulet "Lofolie" {Acrobat rPois rC++}
132630 | Zig:27   | Received a gift from Nemelex Xobeh
132688 | Lair:1   | more zigs than wins forever, I guess
132707 | Lair:1   | Learned a level 9 spell: Fire Storm
133054 | Zot:5    | Got the Orb of Zot
133055 | Zot:5    | farewell
133221 | Zot:2    | Noticed Boris
133223 | Zot:2    | Killed Boris
133744 | D:1      | * *waves* *
133745 | D:$      | Escaped with the Orb!

Illustrated notes

. #≈§...# #.. ..
#≈≈..## #.. ...
##≈≈..# #.. ....
##≈≈.☼.# #.. .....
##≈☼°☼.## #..
...§.$#####*.☼..##
#..
...§).)*.&8..§§.#
##.
...§..#####*§.§.##
#. ..... ##☼§@N.#
#. .... ##§≈°..#
#. ... ##§≈..# #.
.: #≈≈..# #######.
. #≈≈...# ........
#≈≈...# ######..
#≈≈...# #..
#≈≈..##≈≈ #..
##### ##≈≈..##≈##
#..


Turn 93585 on Pan: did you know that: vortexing lom is very inconsistent ###
##@# ##.## ##.## ##.## ##.## ##.## ##.## #.## ############# ##.## #.#..........
Turn 117788 on Tar:3: we really shouldn't border the hells with all rock
##.##.#......................... #....##...............###.P##..
##.#.#................# ######. ####.#...............# ##. #.#...............#
#.. ##.#.......(.......# ### #..#.......∩.......# ## ##.###....∩
